 Dungeon Crawl Stone Soup version 0.31-a0-472-g43a2ca8e1b (webtiles) character file.

Game seed: 3410004427824205014

585018 AIAndy the Gnoll Cataclysm (level 26, -18/207 (211) HPs)
             Began as a Gnoll Wanderer on July 31, 2023.
             Was a High Priest of Qazlal.
             Killed from afar by a quicksilver dragon (44 damage)
             ... with a bolt of dispelling energy
             ... on level 1 of the Realm of Zot on Aug 6, 2023.
             The game lasted 09:17:55 (57470 turns).

AIAndy the Gnoll Cataclysm (Gnoll Wanderer)        Turns: 57470, Time: 09:17:56

HP:   -18/207 (211) AC: 51    Str: 25    XL:     26   Next: 80%
MP:   45/45         EV: 12    Int: 14    God:    Qazlal [*****.]
Gold: 5176          SH:  0    Dex: 14    Spells: 38/61 levels left

rFire   + + +        K - +8 autumn katana {manifold assault}
rCold   + + +        Y - +2 shield of Resistance {rF++ rC++ Will++}
rNeg    . . .        F - +8 gold dragon scales
rPois   +            R - +1 helmet of Experimentation {Fly Str+5 Int-3 Stlth+}
rElec   .            l - +1 cloak "Teriy" {rC+ SInv}
rCorr   .            Q - +0 pair of gloves of the Endless Expanse {Will+}
SInv    +            f - +1 pair of boots of Hockogg {Int+2}
Will    ++++.        q - amulet of Ceothrorch {RegenMP rPois Regen+} Stlth
                     O - +4 ring of protection
HPRegen 1.34/turn    I - ring of Day {AC+4 Dex+4}
MPRegen 0.69/turn

%: repel missiles
@: confused, ambrosia-drunk, wereblooded (expiring), protected from physical
damage, flying, studying 6 skills, lightly drained
A: fangs 1, strong nose, distributed training, dopey 1, mutation resistance 1,
poison resistance, cold vulnerability 1
}: 4/15 runes: barnacled, slimy, silver, gossamer
a: Renounce Religion, Upheaval, Elemental Force, Disaster Area


You were on level 1 of the Realm of Zot.
You worshipped Qazlal.
Qazlal was extremely pleased with you.
You visited 11 branches of the dungeon, and saw 49 of its levels.
You visited the Abyss 1 time.
You also visited: Trove, Gauntlet, Ice Cave, Volcano and Desolation.

You collected 9959 gold pieces.
You spent 4783 gold pieces at shops.


Innate Abilities, Weirdness & Mutations

You have very sharp teeth.
Your uncanny sense of smell can sniff out nearby items.
Your experience applies equally to all skills.
You are dopey. (Int -2)
You are somewhat resistant to further mutation.
Your system is resistant to poisons. (rPois)
You are vulnerable to cold. (rC-)


   Skills:
 + Level 18.1 Fighting
 + Level 18.0 Short Blades
 + Level 18.0 Long Blades
 + Level 19.5 Axes
 + Level 18.0 Maces & Flails
 + Level 18.9 Polearms
 + Level 18.0 Staves
 + Level 18.0 Ranged Weapons
 + Level 18.0 Throwing
 + Level 18.0 Armour
 + Level 18.0 Dodging
 + Level 18.0 Stealth
 + Level 18.1 Shields
 + Level 18.0 Unarmed Combat
 + Level 18.2 Spellcasting
 + Level 15.3 Conjurations
 + Level 15.3 Hexes
 + Level 15.3 Summonings
 + Level 17.9 Necromancy
 + Level 15.3 Translocations
 + Level 15.3 Transmutations
 + Level 15.3 Fire Magic
 + Level 16.1 Ice Magic
 + Level 15.3 Air Magic
 + Level 16.1 Earth Magic
 + Level 15.3 Poison Magic
 + Level 25.2 Invocations
 + Level 22.8 Evocations
 + Level 16.6 Shapeshifting


You had 38 spell levels left.
You knew the following spells:

 Your Spells              Type           Power      Damage    Failure   Level
a - Animate Armour        Summ/Erth      100%       N/A       1%          4
i - Olgreb's Toxic Radia  Pois           53%        N/A       1%          4
o - Ozocubu's Armour      Ice            55%        N/A       1%          3
z - Sandblast             Erth           100%       2d20      1%          1
I - Blink                 Tloc           100%       N/A       1%          2
X - Vhi's Electric Charg  Tloc/Air       100%       N/A       1%          3
Y - Manifold Assault      Tloc           53%        N/A       1%          4
Z - Wereblood             Tmut           53%        N/A       1%          2

Your spell library contained the following spells:

 Spells                   Type           Power      Damage    Failure   Level
 Apportation              Tloc           100%       N/A       1%          1
 Freeze                   Ice            100%       1d10      1%          1
 Kiss of Death            Conj/Necr      100%       2d13      1%          1
 Magic Dart               Conj           100%       1d8       1%          1
 Necrotise                Necr           100%       1d9       1%          1
 Slow                     Hex            100%       N/A       1%          1
 Sting                    Tmut/Pois      100%       1d8       1%          1
 Summon Small Mammal      Summ           100%       N/A       1%          1
 Cigotuvi's Dreadful Rot  Necr/Pois/Air  100%       N/A       1%          2
 Ensorcelled Hibernation  Hex/Ice        100%       N/A       1%          2
 Lesser Beckoning         Tloc           100%       N/A       1%          2
 Momentum Strike          Conj/Tloc      100%       3d10      1%          2
 Passwall                 Tmut/Erth      45%        N/A       1%          2
 Poisonous Vapours        Pois/Air       100%       N/A       1%          2
 Searing Ray              Conj           100%       2d8       1%          2
 Sublimation of Blood     Necr           58%        N/A       1%          2
 Confusing Touch          Hex            53%        N/A       1%          3
 Dazzling Flash           Conj/Hex       100%       N/A       1%          3
 Gell's Gravitas          Tloc           53%        N/A       1%          3
 Hailstorm                Conj/Ice       54%        3d12      1%          3
 Inner Flame              Hex/Fire       53%        N/A       1%          3
 Mephitic Cloud           Conj/Pois/Air  53%        N/A       1%          3
 Portal Projectile        Hex/Tloc       100%       N/A       1%          3
 Stone Arrow              Conj/Erth      100%       3d13      1%          3
 Summon Guardian Golem    Hex/Summ       53%        N/A       1%          3
 Swiftness                Air            53%        N/A       1%          3
 Tukima's Dance           Hex            53%        N/A       1%          3
 Vampiric Draining        Necr           58%        2d10      1%          3
 Volatile Blastmotes      Fire/Tloc      100%       2d18      1%          3
 Animate Dead             Necr           58%        N/A       1%          4
 Cause Fear               Hex            26%        N/A       1%          4
 Dispel Undead            Necr           58%        3d21      1%          4
 Flame Wave               Conj/Fire      53%        2d13      1%          4
 Fulminant Prism          Conj/Hex       26%        3d14      1%          4
 Iskenderun's Mystic Bla  Conj/Tloc      53%        2d11      1%          4
 Leda's Liquefaction      Hex/Erth       27%        N/A       1%          4
 Passage of Golubria      Tloc           53%        N/A       1%          4
 Sticky Flame             Conj/Fire      53%        2d7       1%          4
 Summon Ice Beast         Ice/Summ       54%        N/A       1%          4
 Summon Lightning Spire   Summ/Air       53%        N/A       1%          4
 Agony                    Necr           58%        N/A       1%          5
 Borgnjor's Vile Clutch   Necr/Erth      28%        N/A       2%          5
 Lee's Rapid Deconstruct  Erth           27%        3d15*     4%          5
 Metabolic Englaciation   Hex/Ice        27%        N/A       4%          5
 Arcjolt                  Conj/Air       26%        1d36      6%          5
 Fireball                 Conj/Fire      26%        3d12      6%          5
 Irradiate                Conj/Tmut      26%        3d20      6%          5
 Iskenderun's Battlesphe  Conj           53%        2d10      6%          5
 Summon Forest            Summ/Tloc      26%        N/A       6%          5
 Yara's Violent Unravell  Hex/Tmut       26%        3d11      6%          5
 Simulacrum               Ice/Necr       28%        N/A       16%         6
 Leda's Unmaking          Conj/Erth      27%        9d5       26%         6
 Conjure Ball Lightning   Conj/Air       26%        3x3d7     32%         6
 Dispersal                Tloc           26%        N/A       32%         6
 Eringya's Noxious Bog    Tmut/Pois      26%        4d6       32%         6
 Plasma Beam              Fire/Air       26%        2x1d39    32%         6
 Summon Cactus Giant      Summ           26%        N/A       32%         6
 Haunt                    Necr/Summ      28%        N/A       71%         7
 Ozocubu's Refrigeration  Ice            27%        4d13      77%         7
 Orb of Destruction       Conj           26%        9d9       87%         7
 Summon Hydra             Summ           26%        N/A       87%         7
 Infestation              Necr           29%        N/A       99%         8
 Discord                  Hex            26%        N/A       100%        8
 Disjunction              Tloc           26%        N/A       100%        8
 Lehudib's Crystal Spear  Conj/Erth      27%        10d7      100%        8
 Dragon's Call            Summ           26%        N/A       100%        9
 Polar Vortex             Ice            27%        12d3*     100%        9

Inventory:

Hand Weapons
 K - the +8 autumn katana (weapon) {manifold assault}
   (You found it on level 2 of the Spider Nest)
 P - the +9 sling of Uskayaw's Fury {speed, rF- Str+5 SInv}
   (You found it on level 3 of the Elven Halls)

   Str:       It affects your strength (+5).
   rF:        It makes you vulnerable to fire.
   SInv:      It lets you see invisible.
Missiles
 j - 38 boomerangs (quivered)
Armour
 f - the +1 pair of boots of Hockogg (worn) {Int+2}
   (You found it in a volcano)

   Int:       It affects your intelligence (+2).
 l - the +1 cloak "Teriy" (worn) {rC+ SInv}
   (You found it in a Gauntlet)

   rC:        It protects you from cold.
   SInv:      It lets you see invisible.
 F - +8 gold dragon scales (worn)
 Q - the +0 pair of gloves of the Endless Expanse (worn) {Will+}
   (You found it on level 11 of the Dungeon)

   Will:      It increases your willpower.
 R - the +1 helmet of Experimentation (worn) {Fly Str+5 Int-3 Stlth+}
   (You found it on level 3 of the Shoals)

   Str:       It affects your strength (+5).
   Int:       It affects your intelligence (-3).
   Fly:       It grants you flight.
   Stlth:     It makes you more stealthy.
 X - the +1 robe of Vines {NoPotionHeal Regen++++}
   (You found it in the Desolation of Salt)

   NoPotionHeal: Its wearer cannot be healed by potions.
   Regen:     It increases your rate of health regeneration.
 Y - the +2 shield of Resistance (worn) {rF++ rC++ Will++}
   (You found it in a treasure trove)

   rF:        It greatly protects you from fire.
   rC:        It greatly protects you from cold.
   Will:      It greatly increases your willpower.
Jewellery
 e - a +5 ring of evasion
 g - the amulet of Tender Moments {Spirit Harm Regen+ MP+9 Str-2}
   (You found it on level 3 of the Spider Nest)

   [amulet of guardian spirit]

   It causes incoming damage to be divided between your reserves of health and
   magic.
   Str:       It affects your strength (-2).
   MP:        It affects your magic capacity (+9).
   Regen:     It increases your rate of health regeneration.
   Harm:      It increases damage dealt and taken.
 q - the amulet of Ceothrorch (around neck) {RegenMP rPois Regen+}
   (You found it in a treasure trove)

   [amulet of magic regeneration]

   It increases your rate of magic regeneration.
   rPois:     It protects you from poison.
   Regen:     It increases your rate of health regeneration.
 u - the amulet "Zosaoh" {Reflect Dex+4 SH+5}
   (You found it in a treasure trove)

   [amulet of reflection]

   It reflects blocked missile attacks.
   Dex:       It affects your dexterity (+4).
   SH:        It affects your SH (+5).
 v - the amulet of Faolaoro {Regen+ Slay+2}
   (You found it on level 3 of the Elven Halls)

   [amulet of regeneration]

   Slay:      It affects your accuracy & damage with ranged weapons and melee
   (+2).
   Regen:     It increases your rate of health regeneration.
 w - the ring "Carchucye" {rCorr Int+6 Dex+2}
   (You took it off an imperial myrmidon in the Desolation of Salt)

   [ring of resist corrosion]

   Int:       It affects your intelligence (+6).
   Dex:       It affects your dexterity (+2).
   rCorr:     It protects you from acid and corrosion.
 C - the amulet "Ciolish" {Faith Harm rC+ Slay+5}
   (You acquired it on level 4 of the Depths)

   [amulet of faith]

   It allows you to gain divine favour quickly.
   Slay:      It affects your accuracy & damage with ranged weapons and melee
   (+5).
   rC:        It protects you from cold.
   Harm:      It increases damage dealt and taken.
 E - a +5 ring of evasion
 I - the ring of Day (right hand) {AC+4 Dex+4}
   (You found it on level 9 of the Dungeon)

   [ring of protection]

   AC:        It affects your AC (+4).
   Dex:       It affects your dexterity (+4).
 L - the ring "Daesobun" {rPois rF+ Will+}
   (You found it on level 5 of the Pits of Slime)

   [ring of willpower]

   rF:        It protects you from fire.
   rPois:     It protects you from poison.
   Will:      It increases your willpower.
 O - a +4 ring of protection (left hand)
 S - the ring of Zusageg {rC- Will+ Dex+4}
   (You found it on level 4 of the Shoals)

   [ring of willpower]

   Dex:       It affects your dexterity (+4).
   rC:        It makes you vulnerable to cold.
   Will:      It increases your willpower.
Wands
 c - a wand of roots (25)
 k - a wand of flame (117)
 y - a wand of paralysis (61)
 A - a wand of acid (28)
 G - a wand of mindburst (22)
 U - a wand of polymorph (15)
 V - a wand of digging (29)
Scrolls
 a - 4 scrolls of poison
 h - 6 scrolls of amnesia
 i - 4 scrolls of revelation
 m - 5 scrolls of blinking
 o - 6 scrolls of fog
 p - 2 scrolls of brand weapon
 s - 4 scrolls of fear
 D - 10 scrolls of enchant weapon
 N - 14 scrolls of teleportation {@r4}
 T - 5 scrolls of immolation {!r}
Potions
 b - 4 potions of resistance
 d - 3 potions of might
 n - 16 potions of brilliance
 r - 3 potions of invisibility
 t - 7 potions of ambrosia
 x - 2 potions of berserk rage {!q}
 z - 5 potions of mutation {!q}
 B - 11 potions of curing {@q1}
 J - 3 potions of magic
 W - 6 potions of haste {@q3}
Miscellaneous
 H - a box of beasts
 M - a tin of tremorstones (2/2)

Dungeon Overview and Level Annotations

Branches:
Dungeon (15/15)            Temple (1/1) D:6            Lair (5/5) D:10
 Shoals (4/4) Lair:2       Spider (4/4) Lair:2        Slime (5/5) Lair:5
    Orc (2/2) D:12            Elf (3/3) Orc:2        Vaults (5/5) D:13
  Crypt (0/3) Vaults:2     Depths (4/4) D:15            Zot (1/5) Depths:4
  IceCv (visited)         Volcano (visited)         Desolation (visited)
Gauntlet (visited)

Altars:
Ashenzari
Cheibriados
Dithmenos
Elyvilon
Fedhas
Gozag
Hepliaklqana
Kikubaaqudgha
Makhleb
Nemelex Xobeh
Okawaru
Qazlal
Ru
Sif Muna
Trog
Uskayaw
Vehumet
Wu Jian
Xom
Yredelemnul
Zin
The Shining One
Jiyva

Shops:
D:1 (   D:11 *   D:13 *   D:15 :*(   Orc:2 **[:   Elf:2 *   Vaults:4 (
Depths:1 ==:   Depths:2 [

Portals:
Hell: Depths:1 Depths:2 Depths:3 Depths:4
Abyss: Depths:3
Pandemonium: Orc:2 Depths:2 Depths:4
Ziggurat: Depths:4

.. . #. .#.#
...## #..######
.# #d##@..### ..#
#.ydD°...### ∆
..###.○.✱○>....#
..##.D°..#.....#
#...)..#####....#
###....)## .....
#.!)†...# #...
#.∩...### ...
##≈..#.# #.


You could see an orb of fire, a shadow dragon, a black draconian (catching
breath), a quicksilver dragon (catching breath) and a moth of wrath.


Message History

The orb of fire is heavily damaged.
You feel less invigorated.
You feel less confused.
You hear a roar!
The orb of fire sizzles in the rain.
The orb of fire emits a lurid red light.
The fireball explodes!
The fireball engulfs you. You resist.
* * * LOW HITPOINT WARNING * * *
The fireball engulfs the orb of fire.
The orb of fire completely resists.
You block the black draconian's attack.
You are confused.
You feel invigorated.
The orb of fire sizzles in the rain.
The black draconian breathes lightning at you.
The bolt of lightning hits the orb of fire.
The orb of fire completely resists.
The bolt of lightning hits you!
* * * LOW HITPOINT WARNING * * *
The orb of fire sizzles in the rain.
You hear a roar! x2
You closely miss the orb of fire. Your bite misses the orb of fire.
The orb of fire is severely damaged.
The black draconian hits you from afar with a +4 halberd of protection.
* * * LOW HITPOINT WARNING * * *
Your resistance to fire fades away.
You feel protected from physical attacks.
You howl as the wereblood boils in your veins!
The quicksilver dragon breathes dispelling energy at you.
The bolt of dispelling energy hits you!!!
You feel more protected from physical attacks.
Your magical effects are unravelling.
You die...

Skill      XL: |  1  2  3  4  5  6  7  8  9 10 11 12 13 14 15 16 17 18 19 20 21 22 23 24 25 26 |
---------------+-------------------------------------------------------------------------------+-----
Invocations    | 1 2 5 6 7 8 9 11 12 14 15 16 18 19 20 21 22 23 24 25 | 25.2
Short Blades   | 1 2 5 6 7 8 9 10 11 12 13 14 15 16 17 18 | 18.0
Long Blades    | 1 2 5 6 7 8 9 10 11 12 13 14 15 16 17 18 | 18.0
Axes           | 1 2 5 6 7 8 9 10 11 12 13 14 15 16 17 18 19 | 19.5
Maces & Flails | 1 2 5 6 7 8 9 10 11 12 13 14 15 16 17 18 | 18.0
Polearms       | 1 2 5 6 7 8 9 10 11 12 13 14 15 16 17 18 | 18.9
Staves         | 1 2 5 6 7 8 9 10 11 12 13 14 15 16 17 18 | 18.0
Ranged Weapons | 1 2 5 6 7 8 9 10 11 12 13 14 15 16 17 18 | 18.0
Throwing       | 1 2 5 6 7 8 9 10 11 12 13 14 15 16 17 18 | 18.0
Armour         | 1 2 5 6 7 8 9 10 11 12 13 14 15 16 17 18 | 18.0
Dodging        | 1 2 5 6 7 8 9 10 11 12 13 14 15 16 17 18 | 18.0
Stealth        | 1 2 5 6 7 8 9 10 11 12 13 14 15 16 17 18 | 18.0
Unarmed Combat | 1 2 5 6 7 8 9 10 11 12 13 14 15 16 17 18 | 18.0
Spellcasting   | 3 6 7 8 9 10 11 12 13 14 15 16 17 18 | 18.2
Conjurations   | 1 4 5 6 7 8 9 10 11 12 13 14 15 | 15.3
Hexes          | 1 4 5 6 7 8 9 10 11 12 13 14 15 | 15.3
Summonings     | 1 4 5 6 7 8 9 10 11 12 13 14 15 | 15.3
Necromancy     | 1 4 5 6 7 8 9 10 11 12 14 15 16 17 | 17.9
Translocations | 1 4 5 6 7 8 9 10 11 12 13 14 15 | 15.3
Transmutations | 1 4 5 6 7 8 9 10 11 12 13 14 15 | 15.3
Fire Magic     | 1 4 5 6 7 8 9 10 11 12 13 14 15 | 15.3
Air Magic      | 1 4 5 6 7 8 9 10 11 12 13 14 15 | 15.3
Poison Magic   | 1 4 5 6 7 8 9 10 11 12 13 14 15 | 15.3
Shapeshifting  | 1 4 5 6 7 8 9 10 11 12 13 14 15 16 | 16.6
Fighting       | 3 5 6 7 8 9 10 11 12 13 14 15 16 17 18 | 18.1
Shields        | 3 5 6 7 8 9 10 11 12 13 14 15 16 17 18 | 18.1
Evocations     | 3 5 6 7 8 9 10 11 13 14 15 16 18 19 20 21 22 | 22.8
Ice Magic      | 7 8 9 10 11 12 13 14 15 16 | 16.1
Earth Magic    | 7 8 9 10 11 12 13 14 15 16 | 16.1

Action                     |  1- 3 |  4- 6 |  7- 9 | 10-12 | 13-15 | 16-18 | 19-21 | 22-24 | 25-27 || total
---------------------------+-------+-------+-------+-------+-------+-------+-------+-------+-------++-------
  Melee: Club              |     4 |       |       |       |       |       |       |       |       ||     4
         Long sword        |    30 |     1 |       |       |       |       |       |       |       ||    31
         Bite              |     4 |       |     1 |    59 |   277 |   171 |   236 |   358 |   237 ||  1343
         Flail             |       |     4 |     3 |       |       |       |       |       |       ||     7
         Short sword       |       |       |    14 |   405 |  1477 |       |       |       |       ||  1896
         Trident           |       |       |       |       |   309 |   380 |       |       |       ||   689
         War axe           |       |       |       |       |       |   265 |       |       |       ||   265
         Katana            |       |       |       |       |       |   620 |  1817 |  2120 |  1603 ||  6160
  Throw: Boomerang         |       |       |       |    71 |   186 |    99 |    59 |    67 |     5 ||   487
         Javelin           |       |       |       |     2 |       |       |       |       |       ||     2
   Cast: Sandblast         |    43 |    98 |   109 |   286 |   109 |     2 |       |     2 |       ||   649
         Ozocubu's Armour  |       |     1 |     1 |    34 |    69 |    46 |    27 |    39 |     3 ||   220
         Vhi's Electric Ch |       |       |       |     2 |       |     3 |     3 |     1 |       ||     9
         Manifold Assault  |       |       |       |       |    21 |    16 |    30 |    19 |    29 ||   115
         Olgreb's Toxic Ra |       |       |       |       |    23 |    30 |    29 |    15 |    16 ||   113
         Wereblood         |       |       |       |       |       |     8 |    20 |    18 |    22 ||    68
         Blink             |       |       |       |       |       |     1 |       |       |     2 ||     3
         Animate Armour    |       |       |       |       |       |       |       |       |    12 ||    12
 Invoke: Upheaval          |       |       |       |     1 |     8 |     1 |     3 |       |       ||    13
         Disaster Area     |       |       |       |       |       |     5 |     1 |    14 |     8 ||    28
         Elemental Force   |       |       |       |       |       |       |     1 |     1 |       ||     2
  Evoke: Wand              |       |       |     4 |    29 |    27 |    18 |     2 |     1 |     2 ||    83
    Use: Potion            |     3 |     2 |     8 |     2 |     3 |    15 |     1 |    13 |     8 ||    55
         Scroll            |       |     1 |     8 |    10 |     7 |     6 |     2 |    11 |     3 ||    48
   Stab: Paralysed         |       |       |       |     5 |     5 |     6 |     1 |     2 |       ||    19
 Armour: Robe              |    14 |     8 |     9 |       |       |       |       |   160 |       ||   191
         Leather armour    |       |       |    12 |    66 |       |       |       |       |       ||    78
         Troll leather arm |       |       |       |    84 |   427 |   488 |   296 |   174 |       ||  1469
         Gold dragon scale |       |       |       |       |       |       |       |   188 |   700 ||   888
  Dodge: Dodged            |    42 |    41 |    57 |   208 |   558 |   602 |   628 |   570 |   346 ||  3052
         Repelled          |       |       |       |     2 |    12 |    10 |    32 |    16 |    14 ||    86
  Block: Buckler           |    14 |    12 |    12 |       |       |       |       |       |       ||    38
         Kite shield       |       |       |    39 |   425 |  1597 |  1348 |  1399 |  1428 |  1228 ||  7464

Levels and vault maps discovered:
D:1:      eino_arrival_cavern_d, layout_loops_ring, serial_shops,
          nicolae_shop_bloodbath_and_beyond, corexii_item_surrounded_by_moat
D:2:      cheibrodos_old_hovel, layout_loops_corners, uniq_crazy_yiuf_cottage
D:3:      layout_basic, ebering_ecumenical_altar_webs
D:4:      minmay_bubble_buster, layout_gridville,
          gammafunk_temple_overflow_claw, uniq_ijyb, uniq_menkaure,
          uniq_blork_the_orc, uniq_robin, uniq_grinder
D:5:      layout_rooms, kennysheep_generic_room_3
D:6:      layout_basic, temple_statues, corexii_hall_statues_t,
          nicolae_shop_vocational
D:7:      layout_loops_cross, lemuel_coloured_pillars_altar,
          kennysheep_generic_room_2, uniq_pikel
D:8:      layout_loops_ring, uniq_prince_ribbit1
D:9:      layout_layer_cave, corexii_hall_statues_t, uniq_gastronok, uniq_psyche
D:10:     layout_loops_ring, old_standard_altar, lair_entry_dummy
D:11:     layout_basic, serial_glass, glass_columns_a, glass_columns_a,
          feat_on_display, enter_trove_3, nicolae_blasting_shop,
          nemelex_lonely_heart_becter
D:12:     layout_basic, david_orc_5, portal_ice_cave_demonic_guard,
          serial_rivers, chequers_serial_rivers_marsh,
          chequers_serial_rivers_room_a, chequers_serial_rivers_micro_a,
          chequers_serial_rivers_micro_c
D:13:     layout_small_grid, david_vaults_1, gauntlet_entry_generic,
          serial_shops, shop, lightli_corner_chamber, uniq_lodul
D:14:     layout_basic, led_sif_pool, kennysheep_cross_bottleneck
D:15:     grunt_enter_depths_snipers, layout_long_grid, serial_shops,
          nicolae_shop_crystal, grunt_decor_one_mirror, nicolae_custom_books,
          nicolae_evil_shop
Temple:   minmay_crystal_spiral_temple
Lair:1:   lemuel_reptile_caves, layout_long_grid, ebering_ghost_disaster_area,
          wad_woods_road_05
Lair:2:   layout_cave_pods, elwin_shoals_entry_rocks,
          nicolae_spider_entry_lesser_pyramids
Lair:3:   layout_regular_city, lemuel_fruit_fields, serial_bayou_shore_b
Lair:4:   layout_gridlike, grunt_megastairs_5
Lair:5:   gammafunk_lair_ancient_temple, layout_regular_city, slime_entry_1,
          enter_volcano_4, dpeg_oklob_1, lemuel_fruit_fields, uniq_rupert
Shoals:1: layout_shoals, nicolae_shoals_drake_roost, uniq_frances
Shoals:2: layout_shoals, nicolae_shoals_stone_sculpture_thing,
          nicolae_shoals_secluded_bog
Shoals:3: gammafunk_sealed_arena, layout_shoals, ebering_ghost_reflecting_pool,
          nicolae_shoals_so_close
Shoals:4: shoals_end_hangedman, layout_shoals
Spider:1: layout_spider_delve, drop_trap, hangedman_spider_trapstep
Spider:2: lemuel_spider_zombies
Spider:3: layout_spider_delve, gammafunk_ghost_berserking_beasts
Spider:4: grunt_spider_rune_parallel, nicolae_spider_cling_ruins
Slime:1:  layout_caves
Slime:2:  layout_caves
Slime:3:  layout_caves
Slime:4:  layout_caves
Slime:5:  slime_pit_nicolae_jellycorners
Orc:1:    cheibrodos_orc_guarddog, layout_caves, basic_altar,
          minmay_orc_temple_a
Orc:2:    pf_orc_diabolical, layout_caves, mines1_david
Elf:1:    layout_gridlike, evilmike_minifort, chequers_hall_statues_wall_a,
          st_stairs_1, uniq_aizul, uniq_asterion
Elf:2:    nicolae_elf_blades_crystal_corner, layout_onion_city, serial_shops,
          shop, david_defended_altar_elf, uniq_azrael
Elf:3:    minmay_elf_hall_circle, layout_geoelf_grid, corexii_leaking_fountain
Vaults:1: nicolae_vaults_turnstiles, nicolae_vaults_know_your_exits,
          nicolae_vaults_ninety_degrees, nicolae_vaults_windows_and_doors_thing,
          vaults_mumra_hexcomb, v_misc_28, v_misc_17, vaults_dpeg_diagonal,
          layout_vaults_omnibox
Vaults:2: hangedman_vaults_corner_blocks, minmay_crypt_entry_simple_statues,
          nicolae_vaults_diamond_2, nicolae_vaults_surprise_closet_hard,
          layout_vaults_chaotic_city, uniq_xtahua
Vaults:3: hangedman_vaults_slither, vaults_room_stairs_pillars, v_misc_29,
          vaults_room_hallway, v_pattern_5, nicolae_vaults_bisected_slash,
          nicolae_vaults_heart-shaped_vault,
          nicolae_vaults_antechamber_and_loot_room, vaults_dpeg_emergency_exit,
          layout_vaults_quadrants, uniq_zenata
Vaults:4: portal_desolation_entry_twin_temple, nicolae_vaults_big_angled_halls,
          nicolae_vaults_little_squares_1, vaults_room_octagon,
          nicolae_vaults_mush_room, nicolae_vaults_storage_room_glass,
          nicolae_vaults_little_ls, nicolae_vaults_mitosis, v_misc_2,
          nicolae_vaults_tetromino_Z_2, nicolae_vaults_storage_closets_2,
          nicolae_vaults_little_squares_4, ontoclasm_vaults_gateway,
          ontoclasm_vaults_eye, v_alt_pattern_2, layout_vaults_ring,
          serial_shops, shop
Vaults:5
Depths:1: layout_cross, grunt_decor_mini_mirrors, pf_hell_entry_tar_spiral,
          nicolae_gozag_cash_rules_everything_around_me, minmay_shop_grove
Depths:2: minmay_the_grid_square_5x5_5x5_mashed
          [minmay_the_grid_square_5x5_seven,
          minmay_the_grid_square_5x5_two_small,
          minmay_the_grid_square_5x5_shrine1,
          minmay_the_grid_square_5x5_moneybag,
          minmay_the_grid_square_5x5_dogpile,
          minmay_the_grid_square_5x5_detours,
          minmay_the_grid_square_5x5_prize_gold,
          minmay_the_grid_square_5x5_lines,
          minmay_the_grid_square_5x5_prize_waves,
          minmay_the_grid_square_5x5_almost_minimal,
          minmay_the_grid_square_5x5_checkered,
          minmay_the_grid_square_5x5_minimal,
          minmay_the_grid_square_5x5_prize_deathbox,
          minmay_the_grid_square_5x5_bracketed,
          minmay_the_grid_square_5x5_tri_point, minmay_the_grid_square_5x5_z,
          minmay_the_grid_square_5x5_prize_open,
          minmay_the_grid_square_5x5_hourglass,
          minmay_the_grid_square_5x5_prize_itemx,
          minmay_the_grid_square_5x5_spiral_small,
          minmay_the_grid_square_5x5_misaligned,
          minmay_the_grid_square_5x5_corner,
          minmay_the_grid_square_5x5_eight_small,
          minmay_the_grid_square_5x5_spiral, minmay_the_grid_square_5x5_six],
          layout_basic, hangedman_coc_ice_floe, rand_demon_pan_entry_9,
          serial_shops, nicolae_shop_tiny_statue_garden, serial_bayou_ford_a,
          minmay_staircase_statues
Depths:3: minmay_ambush_box, layout_cave_pools, marbit_kobold_abyss_entry,
          nrook_campfire, hell_entry, nicolae_figureground_pulse,
          infiniplex_staircase_zigzag_1, serial_bayou_shore_b, uniq_saint_roka
Depths:4: grunt_zot_entry_bicorn, layout_gridlike, enter_ziggurat_d,
          grunt_mini_vestibule, rand_demon_pan_entry_1,
          kennysheep_random_hallway, uniq_sojobo, uniq_grunn, uniq_parghit,
          uniq_enchantress, uniq_jory
Zot:1:    layout_twisted_circle, nicolae_transmutations_shop, door_vault,
          uniq_josephina

Notes
Turn   | Place    | Note
-------+----------+-------------------------------------------
     0 | D:1      | AIAndy the Gnoll Wanderer began the quest for the Orb.
     0 | D:1      | AIAndy set off with the following items: a +0 club, a
                  | scroll of teleportation {@r4}, a +0 robe, a +0 buckler; and
                  | the following spells available to memorise: Freeze,
                  | Sandblast, Ozocubu's Armour, Passwall, Animate Armour.
     0 | D:1      | Reached XP level 1. HP: 17/17 MP: 4/4
    24 | D:1      | Learned a level 1 spell: Sandblast
   189 | D:1      | Reached XP level 2. HP: 12/23 MP: 2/5
   304 | D:1      | Found Ecaxeor's Weapon Boutique.
   699 | D:1      | Reached XP level 3. HP: 28/28 MP: 5/7
  1043 | D:2      | You fall into a shaft and drop 1 floor!
  1073 | D:3      | Reached skill level 1 in Invocations
  1086 | D:3      | HP: 2/28 [orc/+0 hand axe (7)]
  1091 | D:3      | HP: 2/42 [kobold/+0 short sword (3)]
  1097 | D:3      | Reached skill level 1 in Short Blades
  1097 | D:3      | Reached skill level 1 in Long Blades
  1097 | D:3      | Reached skill level 1 in Axes
  1097 | D:3      | Reached skill level 1 in Maces & Flails
  1097 | D:3      | Reached skill level 1 in Polearms
  1097 | D:3      | Reached skill level 1 in Staves
  1097 | D:3      | Reached skill level 1 in Ranged Weapons
  1097 | D:3      | Reached skill level 1 in Throwing
  1097 | D:3      | Reached skill level 1 in Armour
  1097 | D:3      | Reached skill level 1 in Dodging
  1097 | D:3      | Reached skill level 1 in Stealth
  1097 | D:3      | Reached skill level 1 in Unarmed Combat
  1117 | D:3      | HP: 2/28 [orc/+0 falchion (5)]
  1118 | D:3      | Reached XP level 4. HP: 3/34 MP: 1/8
  1427 | D:3      | Reached skill level 3 in Spellcasting
  1436 | D:3      | Learned a level 3 spell: Ozocubu's Armour
  1636 | D:3      | Found a faded altar of an unknown god.
  1640 | D:3      | Reached skill level 1 in Conjurations
  1640 | D:3      | Reached skill level 1 in Hexes
  1640 | D:3      | Reached skill level 1 in Summonings
  1640 | D:3      | Reached skill level 1 in Necromancy
  1640 | D:3      | Reached skill level 1 in Translocations
  1640 | D:3      | Reached skill level 1 in Transmutations
  1640 | D:3      | Reached skill level 1 in Fire Magic
  1640 | D:3      | Reached skill level 1 in Air Magic
  1640 | D:3      | Reached skill level 1 in Poison Magic
  1640 | D:3      | Reached skill level 1 in Shapeshifting
  1922 | D:2      | Reached XP level 5. HP: 40/40 MP: 5/9
  2294 | D:2      | Reached skill level 3 in Fighting
  2294 | D:2      | Reached skill level 3 in Shields
  2294 | D:2      | Reached skill level 3 in Evocations
  2354 | D:2      | Found a runed translucent door.
  2355 | D:2      | Noticed Crazy Yiuf
  3274 | D:4      | Noticed a kobold brigand
  3281 | D:4      | Killed a kobold brigand
  3282 | D:4      | Reached skill level 2 in Invocations
  3282 | D:4      | Reached XP level 6. HP: 34/47 MP: 1/11
  3357 | D:4      | Noticed a sky beast
  3380 | D:4      | Reached skill level 2 in Short Blades
  3380 | D:4      | Reached skill level 2 in Long Blades
  3380 | D:4      | Reached skill level 2 in Axes
  3380 | D:4      | Reached skill level 2 in Maces & Flails
  3380 | D:4      | Reached skill level 2 in Polearms
  3380 | D:4      | Reached skill level 2 in Staves
  3380 | D:4      | Reached skill level 2 in Ranged Weapons
  3380 | D:4      | Reached skill level 2 in Throwing
  3380 | D:4      | Reached skill level 2 in Armour
  3380 | D:4      | Reached skill level 2 in Dodging
  3380 | D:4      | Reached skill level 2 in Stealth
  3380 | D:4      | Reached skill level 2 in Unarmed Combat
  3404 | D:4      | Noticed a black bear
  3491 | D:4      | Killed a sky beast
  3647 | D:4      | Reached XP level 7. HP: 46/52 MP: 7/12
  3840 | D:5      | Entered Level 5 of the Dungeon
  3860 | D:5      | HP: 4/52 [water moccasin (3)]
  3863 | D:5      | Identified 2 potions of experience
  3863 | D:5      | Reached skill level 5 in Fighting
  3863 | D:5      | Reached skill level 5 in Short Blades
  3863 | D:5      | Reached skill level 5 in Long Blades
  3863 | D:5      | Reached skill level 5 in Axes
  3863 | D:5      | Reached skill level 5 in Maces & Flails
  3863 | D:5      | Reached skill level 5 in Polearms
  3863 | D:5      | Reached skill level 5 in Staves
  3863 | D:5      | Reached skill level 5 in Ranged Weapons
  3863 | D:5      | Reached skill level 5 in Throwing
  3863 | D:5      | Reached skill level 5 in Armour
  3863 | D:5      | Reached skill level 5 in Dodging
  3863 | D:5      | Reached skill level 5 in Stealth
  3863 | D:5      | Reached skill level 5 in Shields
  3863 | D:5      | Reached skill level 5 in Unarmed Combat
  3863 | D:5      | Reached skill level 6 in Spellcasting
  3863 | D:5      | Reached skill level 4 in Conjurations
  3863 | D:5      | Reached skill level 4 in Hexes
  3863 | D:5      | Reached skill level 4 in Summonings
  3863 | D:5      | Reached skill level 4 in Necromancy
  3863 | D:5      | Reached skill level 4 in Translocations
  3863 | D:5      | Reached skill level 4 in Transmutations
  3863 | D:5      | Reached skill level 4 in Fire Magic
  3863 | D:5      | Reached skill level 7 in Ice Magic
  3863 | D:5      | Reached skill level 4 in Air Magic
  3863 | D:5      | Reached skill level 7 in Earth Magic
  3863 | D:5      | Reached skill level 4 in Poison Magic
  3863 | D:5      | Reached skill level 5 in Invocations
  3863 | D:5      | Reached skill level 5 in Evocations
  3863 | D:5      | Reached skill level 4 in Shapeshifting
  3863 | D:5      | Reached XP level 8. HP: 12/64 MP: 12/17
  3864 | D:5      | Reached skill level 6 in Fighting
  3864 | D:5      | Reached skill level 6 in Short Blades
  3864 | D:5      | Reached skill level 6 in Long Blades
  3864 | D:5      | Reached skill level 6 in Axes
  3864 | D:5      | Reached skill level 6 in Maces & Flails
  3864 | D:5      | Reached skill level 6 in Polearms
  3864 | D:5      | Reached skill level 6 in Staves
  3864 | D:5      | Reached skill level 6 in Ranged Weapons
  3864 | D:5      | Reached skill level 6 in Throwing
  3864 | D:5      | Reached skill level 6 in Armour
  3864 | D:5      | Reached skill level 6 in Dodging
  3864 | D:5      | Reached skill level 6 in Stealth
  3864 | D:5      | Reached skill level 6 in Shields
  3864 | D:5      | Reached skill level 6 in Unarmed Combat
  3864 | D:5      | Reached skill level 5 in Conjurations
  3864 | D:5      | Reached skill level 5 in Hexes
  3864 | D:5      | Reached skill level 5 in Summonings
  3864 | D:5      | Reached skill level 5 in Necromancy
  3864 | D:5      | Reached skill level 5 in Translocations
  3864 | D:5      | Reached skill level 5 in Transmutations
  3864 | D:5      | Reached skill level 5 in Fire Magic
  3864 | D:5      | Reached skill level 5 in Air Magic
  3864 | D:5      | Reached skill level 5 in Poison Magic
  3864 | D:5      | Reached skill level 6 in Invocations
  3864 | D:5      | Reached skill level 6 in Evocations
  3864 | D:5      | Reached skill level 5 in Shapeshifting
  3864 | D:5      | Reached XP level 9. HP: 5/71 MP: 12/19
  3868 | D:5      | HP: 6/71 [water moccasin (1)]
  4090 | D:5      | Reached skill level 7 in Spellcasting
  4407 | D:4      | Reached skill level 7 in Invocations
  4473 | D:4      | Noticed Menkaure
  4476 | D:4      | Killed Menkaure
  4529 | D:4      | Noticed Grinder
  4543 | D:4      | Found a bloodstained altar of Trog.
  4543 | D:4      | Found an ornate altar of the Wu Jian Council.
  4544 | D:4      | Found a basalt altar of Yredelemnul.
  4568 | D:4      | Killed Grinder
  4607 | D:4      | Reached skill level 7 in Fighting
  4607 | D:4      | Reached skill level 7 in Shields
  4607 | D:4      | Reached skill level 7 in Evocations
  4679 | D:4      | Noticed Ijyb
  4686 | D:4      | Killed Ijyb
  4750 | D:4      | Noticed Robin
  4818 | D:4      | Killed Robin
  4944 | D:4      | Noticed Blork the orc
  4950 | D:4      | Killed Blork the orc
  5516 | D:6      | Found Heoth's Vocational Training.
  5764 | D:6      | Found a staircase to the Ecumenical Temple.
  5790 | Temple   | Entered the Ecumenical Temple
  5857 | Temple   | Became a worshipper of Qazlal Stormbringer
  6137 | D:6      | Reached XP level 10. HP: 79/79 MP: 15/20
  6650 | D:7      | Found a broken altar of Ashenzari.
  6724 | D:7      | Noticed Pikel
  6740 | D:7      | Killed Pikel
  7698 | D:8      | Reached * piety under Qazlal
  7952 | D:8      | Noticed Prince Ribbit
  7955 | D:8      | Killed Prince Ribbit
  8258 | D:9      | Noticed Gastronok
  8265 | D:9      | Learned a level 3 spell: Vhi's Electric Charge
  8328 | D:9      | Noticed Psyche
  8336 | D:9      | Killed Psyche
  8344 | D:9      | Reached skill level 8 in Ice Magic
  8344 | D:9      | Reached skill level 8 in Earth Magic
  9170 | D:9      | Identified the ring of Day {AC+4 Dex+4}
  9304 | D:9      | Killed Gastronok
  9305 | D:9      | Reached skill level 7 in Short Blades
  9305 | D:9      | Reached skill level 7 in Long Blades
  9305 | D:9      | Reached skill level 7 in Axes
  9305 | D:9      | Reached skill level 7 in Maces & Flails
  9305 | D:9      | Reached skill level 7 in Polearms
  9305 | D:9      | Reached skill level 7 in Staves
  9305 | D:9      | Reached skill level 7 in Ranged Weapons
  9305 | D:9      | Reached skill level 7 in Throwing
  9305 | D:9      | Reached skill level 7 in Armour
  9305 | D:9      | Reached skill level 7 in Dodging
  9305 | D:9      | Reached skill level 7 in Stealth
  9305 | D:9      | Reached skill level 7 in Unarmed Combat
  9305 | D:9      | Reached XP level 11. HP: 42/84 MP: 9/22
  9749 | D:10     | Entered Level 10 of the Dungeon
  9808 | D:10     | Noticed a two-headed ogre
  9838 | D:10     | Killed a two-headed ogre
  9885 | D:10     | Reached skill level 6 in Conjurations
  9885 | D:10     | Reached skill level 6 in Hexes
  9885 | D:10     | Reached skill level 6 in Summonings
  9885 | D:10     | Reached skill level 6 in Necromancy
  9885 | D:10     | Reached skill level 6 in Translocations
  9885 | D:10     | Reached skill level 6 in Transmutations
  9885 | D:10     | Reached skill level 6 in Fire Magic
  9885 | D:10     | Reached skill level 6 in Air Magic
  9885 | D:10     | Reached skill level 6 in Poison Magic
  9885 | D:10     | Reached skill level 6 in Shapeshifting
  9972 | D:10     | Found a staircase to the Lair.
 10003 | D:10     | Noticed a deep elf pyromancer
 10007 | D:10     | Killed a deep elf pyromancer
 10008 | D:10     | Reached skill level 8 in Invocations
 10674 | D:10     | Found a hazy altar of Hepliaklqana.
 10780 | D:10     | Reached ** piety under Qazlal
 10786 | D:10     | Reached skill level 8 in Spellcasting
 11068 | D:11     | Found Jeottuj's Demolitions Depot.
 11097 | D:11     | Upgraded the game from 0.31-a0-430-gf8416d752b to
                  | 0.31-a0-437-g7cee417757
 11138 | D:11     | Reached skill level 8 in Fighting
 11138 | D:11     | Reached skill level 8 in Shields
 11138 | D:11     | Reached skill level 8 in Evocations
 11174 | D:11     | Identified the +0 pair of gloves of the Endless Expanse
                  | {Will+}
 11304 | D:11     | Found a sparkling altar of Nemelex Xobeh.
 11394 | D:11     | Noticed a cyclops
 11409 | D:11     | Killed a cyclops
 11460 | D:11     | Found a portal to a secret trove of treasure.
 11651 | D:12     | Noticed a boulder beetle
 11742 | D:12     | Found a frozen archway.
 11768 | D:12     | Reached XP level 12. HP: 61/92 MP: 20/24
 11783 | IceCv    | Entered an ice cave
 11816 | IceCv    | Found a transporter.
 11834 | IceCv    | Found a transporter.
 11926 | IceCv    | Identified the ring of Lary {Fly MP+9}
 12037 | D:12     | Reached skill level 8 in Short Blades
 12037 | D:12     | Reached skill level 8 in Long Blades
 12037 | D:12     | Reached skill level 8 in Axes
 12037 | D:12     | Reached skill level 8 in Maces & Flails
 12037 | D:12     | Reached skill level 8 in Polearms
 12037 | D:12     | Reached skill level 8 in Staves
 12037 | D:12     | Reached skill level 8 in Ranged Weapons
 12037 | D:12     | Reached skill level 8 in Throwing
 12037 | D:12     | Reached skill level 8 in Armour
 12037 | D:12     | Reached skill level 8 in Dodging
 12037 | D:12     | Reached skill level 8 in Stealth
 12037 | D:12     | Reached skill level 8 in Unarmed Combat
 12233 | D:12     | Found a staircase to the Orcish Mines.
 12344 | D:12     | Noticed a boulder beetle
 12362 | D:12     | Killed a boulder beetle
 12562 | D:12     | Killed a boulder beetle
 12987 | D:6      | Bought a manual of Invocations for 880 gold pieces
 13094 | D:2      | Killed Crazy Yiuf
 13258 | Lair:1   | Entered Level 1 of the Lair of Beasts
 13258 | Lair:1   | Found a large runed translucent door.
 13258 | Lair:1   | Found a large runed translucent door.
 13266 | Lair:1   | Reached skill level 9 in Invocations
 13284 | Lair:1   | You fall into a shaft and drop 1 floor!
 13284 | Lair:2   | Found a staircase to the Shoals.
 13334 | Lair:2   | Reached *** piety under Qazlal
 13633 | Lair:1   | Reached skill level 7 in Conjurations
 13633 | Lair:1   | Reached skill level 7 in Hexes
 13633 | Lair:1   | Reached skill level 7 in Summonings
 13633 | Lair:1   | Reached skill level 7 in Necromancy
 13633 | Lair:1   | Reached skill level 7 in Translocations
 13633 | Lair:1   | Reached skill level 7 in Transmutations
 13633 | Lair:1   | Reached skill level 7 in Fire Magic
 13633 | Lair:1   | Reached skill level 9 in Ice Magic
 13633 | Lair:1   | Reached skill level 7 in Air Magic
 13633 | Lair:1   | Reached skill level 9 in Earth Magic
 13633 | Lair:1   | Reached skill level 7 in Poison Magic
 13633 | Lair:1   | Reached skill level 7 in Shapeshifting
 13790 | Lair:1   | Reached XP level 13. HP: 100/100 MP: 20/25
 13805 | Lair:1   | Reached skill level 9 in Spellcasting
 13805 | Lair:1   | Reached **** piety under Qazlal
 14024 | Lair:1   | Reached skill level 9 in Fighting
 14024 | Lair:1   | Reached skill level 9 in Shields
 14024 | Lair:1   | Reached skill level 9 in Evocations
 14103 | Lair:1   | Identified the staff "Arbiter" {+Blink rF+ rC- Str+6 Int+3
                  | Fire}
 14207 | Lair:1   | Noticed ouz's ghost (journeyman MiSh)
 14820 | Lair:2   | Reached skill level 10 in Invocations
 14834 | Lair:2   | Found a hole to the Spider Nest.
 15920 | Lair:3   | Reached skill level 9 in Short Blades
 15920 | Lair:3   | Reached skill level 9 in Long Blades
 15920 | Lair:3   | Reached skill level 9 in Axes
 15920 | Lair:3   | Reached skill level 9 in Maces & Flails
 15920 | Lair:3   | Reached skill level 9 in Polearms
 15920 | Lair:3   | Reached skill level 9 in Staves
 15920 | Lair:3   | Reached skill level 9 in Ranged Weapons
 15920 | Lair:3   | Reached skill level 9 in Throwing
 15920 | Lair:3   | Reached skill level 9 in Armour
 15920 | Lair:3   | Reached skill level 9 in Dodging
 15920 | Lair:3   | Reached skill level 9 in Stealth
 15920 | Lair:3   | Reached skill level 9 in Unarmed Combat
 16255 | Lair:3   | Reached ***** piety under Qazlal
 16817 | Lair:4   | Reached skill level 11 in Invocations
 17555 | Lair:4   | Reached XP level 14. HP: 105/109 MP: 25/27
 18144 | Lair:5   | Entered Level 5 of the Lair of Beasts
 18252 | Lair:5   | Found a dark tunnel.
 18336 | Lair:5   | Noticed Rupert
 18339 | Volcano  | Entered a volcano
 18695 | Volcano  | Found a radiant altar of Vehumet.
 18704 | Volcano  | Reached skill level 10 in Spellcasting
 18719 | Volcano  | Reached skill level 8 in Conjurations
 18719 | Volcano  | Reached skill level 8 in Hexes
 18719 | Volcano  | Reached skill level 8 in Summonings
 18719 | Volcano  | Reached skill level 8 in Necromancy
 18719 | Volcano  | Reached skill level 8 in Translocations
 18719 | Volcano  | Reached skill level 8 in Transmutations
 18719 | Volcano  | Reached skill level 8 in Fire Magic
 18719 | Volcano  | Reached skill level 8 in Air Magic
 18719 | Volcano  | Reached skill level 8 in Poison Magic
 18719 | Volcano  | Reached skill level 8 in Shapeshifting
 18760 | Volcano  | Identified the +1 pair of boots of Hockogg {Int+2}
 18819 | Volcano  | Reached skill level 10 in Fighting
 18819 | Volcano  | Reached skill level 10 in Shields
 18819 | Volcano  | Reached skill level 10 in Evocations
 19091 | Lair:5   | Killed Rupert
 19428 | Lair:5   | Reached skill level 12 in Invocations
 19718 | Lair:5   | Found a staircase to the Slime Pits.
 19718 | Lair:5   | Found a viscous altar of Jiyva.
 19891 | Lair:5   | Reached skill level 10 in Ice Magic
 19891 | Lair:5   | Reached skill level 10 in Earth Magic
 20285 | Lair:5   | Identified the +3 trident of Eminent Domain {antimagic,
                  | rPois rF+ rCorr}
 20593 | Orc:1    | Entered Level 1 of the Orcish Mines
 20857 | Orc:2    | Entered Level 2 of the Orcish Mines
 21148 | Orc:2    | Reached skill level 10 in Short Blades
 21148 | Orc:2    | Reached skill level 10 in Long Blades
 21148 | Orc:2    | Reached skill level 10 in Axes
 21148 | Orc:2    | Reached skill level 10 in Maces & Flails
 21148 | Orc:2    | Reached skill level 10 in Polearms
 21148 | Orc:2    | Reached skill level 10 in Staves
 21148 | Orc:2    | Reached skill level 10 in Ranged Weapons
 21148 | Orc:2    | Reached skill level 10 in Throwing
 21148 | Orc:2    | Reached skill level 10 in Armour
 21148 | Orc:2    | Reached skill level 10 in Dodging
 21148 | Orc:2    | Reached skill level 10 in Stealth
 21148 | Orc:2    | Reached skill level 10 in Unarmed Combat
 21363 | Orc:2    | Found Iritiot's General Store.
 21398 | Orc:2    | Learned a level 4 spell: Manifold Assault
 21403 | Orc:2    | Learned a level 4 spell: Olgreb's Toxic Radiance
 21421 | Orc:2    | Found Horer's General Store.
 21583 | Orc:2    | Reached XP level 15. HP: 84/117 MP: 4/29
 22341 | Orc:2    | Found a staircase to the Elven Halls.
 22452 | Orc:2    | Reached skill level 13 in Invocations
 22577 | Orc:2    | Found Gipuep's Book Emporium.
 22577 | Orc:2    | Found Nuezaley's Antique Armour Shoppe.
 22578 | Orc:2    | Found a one-way gate leading to the halls of Pandemonium.
 23299 | D:6      | Bought a manual of Evocations for 880 gold pieces
 23468 | D:13     | Found a gate leading to a gauntlet.
 23501 | D:13     | Found a gate to the Vaults.
 23565 | D:13     | Reached ****** piety under Qazlal
 23615 | Gauntlet | Entered a Gauntlet
 23615 | Gauntlet | Found a transporter.
 23642 | Gauntlet | Found a transporter.
 23657 | Gauntlet | Found a transporter.
 23662 | Gauntlet | Found a transporter.
 23667 | Gauntlet | Noticed a balrug
 23687 | Gauntlet | Found a transporter.
 23696 | Gauntlet | Found a transporter.
 23708 | Gauntlet | Found a transporter.
 23720 | Gauntlet | Found a transporter.
 23726 | Gauntlet | Found a transporter.
 23726 | Gauntlet | Found a transporter.
 23741 | Gauntlet | Found a transporter.
 23747 | Gauntlet | Found a transporter.
 23762 | Gauntlet | Found a transporter.
 23779 | Gauntlet | Found a transporter.
 23799 | Gauntlet | Found a transporter.
 23824 | Gauntlet | Found a transporter.
 23826 | Gauntlet | Found a transporter.
 23846 | Gauntlet | Found a transporter.
 24019 | Gauntlet | Paralysed by a floating eye for 2 turns
 24201 | Gauntlet | Reached skill level 11 in Evocations
 24320 | Gauntlet | Identified the +1 cloak "Teriy" {rC+ SInv}
 24455 | Gauntlet | Got the Almanac of the Sphinx
 24458 | Gauntlet | Got the Codex of the Blink Frog
 24607 | D:13     | Found Xuppinuu's Assorted Antiques.
 24647 | D:13     | Noticed Lodul
 24660 | D:13     | Killed Lodul
 24676 | D:13     | Reached skill level 11 in Spellcasting
 25271 | D:13     | Reached skill level 11 in Fighting
 25271 | D:13     | Reached skill level 11 in Shields
 25411 | D:14     | Reached skill level 9 in Conjurations
 25411 | D:14     | Reached skill level 9 in Hexes
 25411 | D:14     | Reached skill level 9 in Summonings
 25411 | D:14     | Reached skill level 9 in Necromancy
 25411 | D:14     | Reached skill level 9 in Translocations
 25411 | D:14     | Reached skill level 9 in Transmutations
 25411 | D:14     | Reached skill level 9 in Fire Magic
 25411 | D:14     | Reached skill level 9 in Air Magic
 25411 | D:14     | Reached skill level 9 in Poison Magic
 25411 | D:14     | Reached skill level 9 in Shapeshifting
 26167 | D:14     | Found a shimmering blue altar of Sif Muna.
 26359 | D:15     | Entered Level 15 of the Dungeon
 26382 | D:15     | Reached skill level 14 in Invocations
 26384 | D:15     | Reached XP level 16. HP: 107/125 MP: 10/31
 26567 | D:15     | Reached skill level 11 in Short Blades
 26567 | D:15     | Reached skill level 11 in Long Blades
 26567 | D:15     | Reached skill level 11 in Axes
 26567 | D:15     | Reached skill level 11 in Maces & Flails
 26567 | D:15     | Reached skill level 11 in Polearms
 26567 | D:15     | Reached skill level 11 in Staves
 26567 | D:15     | Reached skill level 11 in Ranged Weapons
 26567 | D:15     | Reached skill level 11 in Throwing
 26567 | D:15     | Reached skill level 11 in Armour
 26567 | D:15     | Reached skill level 11 in Dodging
 26567 | D:15     | Reached skill level 11 in Stealth
 26567 | D:15     | Reached skill level 11 in Unarmed Combat
 26843 | D:15     | Found Ykhlaxoq's Self-Published Books.
 26858 | D:15     | Found Sucuvvix's Blasphemy Boutique.
 27040 | D:15     | Found a staircase to the Depths.
 27170 | D:15     | Found Icaireo's Antique Weapon Shop.
 27195 | D:15     | Reached skill level 12 in Evocations
 27645 | Spider:1 | Entered Level 1 of the Spider Nest
 27705 | Lair:2   | HP: 6/126 [demonic crawler (13)]
 28197 | Spider:1 | Reached skill level 11 in Ice Magic
 28197 | Spider:1 | Reached skill level 11 in Earth Magic
 29101 | Spider:2 | Reached skill level 15 in Invocations
 29135 | Spider:2 | Learned a level 2 spell: Wereblood
 29212 | Spider:2 | Learned a level 2 spell: Blink
 29612 | Spider:2 | Found the +8 autumn katana {manifold assault}
 29660 | Spider:3 | Reached skill level 13 in Evocations
 29664 | Spider:3 | Reached skill level 12 in Spellcasting
 29665 | Spider:3 | Reached XP level 17. HP: 111/133 MP: 14/33
 29678 | Spider:2 | HP: 13/133 [sun moth (29)]
 29697 | Spider:1 | Reached skill level 12 in Fighting
 29697 | Spider:1 | Reached skill level 12 in Shields
 30094 | Spider:2 | Gained mutation: You are dopey. (Int -2) [mutagenic glow]
 30241 | Spider:3 | Reached skill level 10 in Conjurations
 30241 | Spider:3 | Reached skill level 10 in Hexes
 30241 | Spider:3 | Reached skill level 10 in Summonings
 30241 | Spider:3 | Reached skill level 10 in Necromancy
 30241 | Spider:3 | Reached skill level 10 in Translocations
 30241 | Spider:3 | Reached skill level 10 in Transmutations
 30241 | Spider:3 | Reached skill level 10 in Fire Magic
 30241 | Spider:3 | Reached skill level 10 in Air Magic
 30241 | Spider:3 | Reached skill level 10 in Poison Magic
 30241 | Spider:3 | Reached skill level 10 in Shapeshifting
 30288 | Spider:3 | Gained mutation: You are weak. (Str -2) [mutagenic glow]
 30645 | Spider:3 | Noticed Oretred's ghost (adept MiFi)
 30653 | Spider:3 | Found a transporter.
 30804 | Spider:3 | Found a transporter.
 30829 | Spider:3 | Identified 2 potions of resistance
 30870 | Spider:4 | Entered Level 4 of the Spider Nest
 31167 | Spider:4 | Reached skill level 12 in Short Blades
 31167 | Spider:4 | Reached skill level 12 in Long Blades
 31167 | Spider:4 | Reached skill level 12 in Axes
 31167 | Spider:4 | Reached skill level 12 in Maces & Flails
 31167 | Spider:4 | Reached skill level 12 in Polearms
 31167 | Spider:4 | Reached skill level 12 in Staves
 31167 | Spider:4 | Reached skill level 12 in Ranged Weapons
 31167 | Spider:4 | Reached skill level 12 in Throwing
 31167 | Spider:4 | Reached skill level 12 in Armour
 31167 | Spider:4 | Reached skill level 12 in Dodging
 31167 | Spider:4 | Reached skill level 12 in Stealth
 31167 | Spider:4 | Reached skill level 12 in Unarmed Combat
 31653 | Spider:4 | Reached skill level 16 in Invocations
 31668 | Spider:4 | HP: 9/134 [emperor scorpion (9)]
 32194 | Spider:4 | Got a gossamer rune of Zot
 32195 | Spider:4 | Identified the orb "Vyefubreo" {light, *Slow rElec Dex+5}
 32570 | D:11     | You paid a toll of 16 scrolls of teleportation to enter a
                  | treasure trove
 32571 | Trove    | Entered a treasure trove
 32604 | Trove    | Identified the amulet of Ceothrorch {RegenMP rPois Regen+}
 32616 | Trove    | Identified the amulet "Zosaoh" {Reflect Dex+4 SH+5}
 32636 | Trove    | Found the +2 shield of Resistance {rF++ rC++ Will++}
 32638 | Trove    | Identified the scarf of Failure {harm, rElec Will- Int+3}
 32717 | D:11     | Reached skill level 14 in Evocations
 32717 | D:11     | Reached XP level 18. HP: 142/142 MP: 34/34
 32745 | D:11     | Upgraded the game from 0.31-a0-437-g7cee417757 to
                  | 0.31-a0-446-g07c4bd200f
 32811 | Shoals:1 | Entered Level 1 of the Shoals
 33023 | Shoals:1 | Noticed Frances
 33053 | Shoals:1 | Killed Frances
 33842 | Shoals:2 | Reached XP level 19. HP: 148/148 MP: 35/35
 34228 | Shoals:2 | Reached skill level 12 in Ice Magic
 34228 | Shoals:2 | Reached skill level 12 in Earth Magic
 34401 | Shoals:2 | Reached skill level 17 in Invocations
 34689 | Shoals:3 | Reached skill level 13 in Spellcasting
 34736 | Shoals:3 | Reached skill level 13 in Fighting
 34736 | Shoals:3 | Reached skill level 13 in Shields
 34781 | Shoals:3 | Found a transporter.
 34819 | Shoals:3 | Found a runed translucent door.
 34983 | Shoals:3 | Reached skill level 15 in Evocations
 35186 | Shoals:3 | Found a transporter.
 35325 | Shoals:3 | Noticed Ifoem's ghost (journeyman OpAr)
 35538 | Shoals:3 | Killed Ifoem's ghost
 35544 | Shoals:3 | Identified the +5 lajatang of Brawling {flame, rElec Str+3
                  | Dex-2 Stlth+}
 35681 | Shoals:3 | Identified the +1 helmet of Experimentation {Fly Str+5
                  | Int-3 Stlth+}
 35749 | Shoals:4 | Entered Level 4 of the Shoals
 35765 | Shoals:4 | Reached skill level 11 in Conjurations
 35765 | Shoals:4 | Reached skill level 11 in Hexes
 35765 | Shoals:4 | Reached skill level 11 in Summonings
 35765 | Shoals:4 | Reached skill level 11 in Necromancy
 35765 | Shoals:4 | Reached skill level 11 in Translocations
 35765 | Shoals:4 | Reached skill level 11 in Transmutations
 35765 | Shoals:4 | Reached skill level 11 in Fire Magic
 35765 | Shoals:4 | Reached skill level 11 in Air Magic
 35765 | Shoals:4 | Reached skill level 11 in Poison Magic
 35765 | Shoals:4 | Reached skill level 11 in Shapeshifting
 35777 | Shoals:4 | Reached skill level 13 in Short Blades
 35777 | Shoals:4 | Reached skill level 13 in Long Blades
 35777 | Shoals:4 | Reached skill level 13 in Axes
 35777 | Shoals:4 | Reached skill level 13 in Maces & Flails
 35777 | Shoals:4 | Reached skill level 13 in Polearms
 35777 | Shoals:4 | Reached skill level 13 in Staves
 35777 | Shoals:4 | Reached skill level 13 in Ranged Weapons
 35777 | Shoals:4 | Reached skill level 13 in Throwing
 35777 | Shoals:4 | Reached skill level 13 in Armour
 35777 | Shoals:4 | Reached skill level 13 in Dodging
 35777 | Shoals:4 | Reached skill level 13 in Stealth
 35777 | Shoals:4 | Reached skill level 13 in Unarmed Combat
 35895 | Shoals:4 | Got a barnacled rune of Zot
 36256 | Shoals:4 | Reached skill level 18 in Invocations
 36399 | Shoals:4 | Identified the staff of Qazlal's Grace {rElec rPois rF+ rC+
                  | Air}
 36636 | Shoals:4 | Reached XP level 20. HP: 157/157 MP: 37/37
 36682 | Shoals:4 | Identified the +9 long sword of the Hall of Blades {elec,
                  | *Noise rC++ Str-5 Int+3}
 36848 | Shoals:4 | Identified the ring of Zusageg {rC- Will+ Dex+4}
 37205 | Elf:1    | Entered Level 1 of the Elven Halls
 37212 | Elf:1    | Noticed Asterion
 37231 | Elf:1    | Killed Asterion
 37468 | Elf:1    | Reached skill level 16 in Evocations
 37922 | Elf:1    | Noticed Aizul
 37951 | Elf:1    | Killed Aizul
 37994 | Elf:1    | Gained mutation: You sometimes lose your temper in combat.
                  | [a shining eye]
 38342 | Elf:2    | Found a radiant altar of Vehumet.
 38415 | Elf:2    | Noticed Azrael
 38425 | Elf:2    | Killed Azrael
 38431 | Elf:2    | Found Bemoma's Assorted Antiques.
 38444 | Elf:2    | Reached skill level 14 in Spellcasting
 38492 | Elf:2    | Bought a scroll labelled RETWEM JAHIEFF for 24 gold pieces
 38493 | Elf:2    | Acquired the +6 lajatang "Detij" {drain, rF- Str+7}
 38558 | Elf:2    | Found a runed translucent gate.
 38559 | Elf:2    | Found a runed translucent gate.
 38559 | Elf:2    | Found a runed translucent gate.
 38795 | Elf:2    | Reached skill level 14 in Fighting
 38795 | Elf:2    | Reached skill level 14 in Shields
 39068 | Elf:2    | Reached skill level 19 in Invocations
 39428 | Elf:3    | Entered Level 3 of the Elven Halls
 39445 | Elf:3    | Reached skill level 13 in Ice Magic
 39445 | Elf:3    | Reached skill level 13 in Earth Magic
 39454 | Elf:3    | Reached skill level 14 in Short Blades
 39454 | Elf:3    | Reached skill level 14 in Long Blades
 39454 | Elf:3    | Reached skill level 14 in Axes
 39454 | Elf:3    | Reached skill level 14 in Maces & Flails
 39454 | Elf:3    | Reached skill level 14 in Polearms
 39454 | Elf:3    | Reached skill level 14 in Staves
 39454 | Elf:3    | Reached skill level 14 in Ranged Weapons
 39454 | Elf:3    | Reached skill level 14 in Throwing
 39454 | Elf:3    | Reached skill level 14 in Armour
 39454 | Elf:3    | Reached skill level 14 in Dodging
 39454 | Elf:3    | Reached skill level 14 in Stealth
 39454 | Elf:3    | Reached skill level 14 in Unarmed Combat
 39543 | Elf:3    | Reached XP level 21. HP: 160/161 MP: 39/39
 39617 | Elf:3    | Reached skill level 17 in Evocations
 39715 | Elf:3    | Paralysed by an air elemental for 1 turns
 39864 | Elf:3    | Reached skill level 12 in Conjurations
 39864 | Elf:3    | Reached skill level 12 in Hexes
 39864 | Elf:3    | Reached skill level 12 in Summonings
 39864 | Elf:3    | Reached skill level 12 in Necromancy
 39864 | Elf:3    | Reached skill level 12 in Translocations
 39864 | Elf:3    | Reached skill level 12 in Transmutations
 39864 | Elf:3    | Reached skill level 12 in Fire Magic
 39864 | Elf:3    | Reached skill level 12 in Air Magic
 39864 | Elf:3    | Reached skill level 12 in Poison Magic
 39864 | Elf:3    | Reached skill level 12 in Shapeshifting
 40003 | Elf:3    | Identified the +6 shortbow "Girghidgh" {flame, rN++}
 40070 | Elf:3    | Identified the +7 sling "Baimimec" {flame, rN+ Str+3}
 40108 | Elf:3    | Identified the +6 morningstar of Obbaesk {heavy, rElec rN+}
 40126 | Elf:3    | Identified the +5 halberd of the Invisible Wars {distort,
                  | Str+5}
 40155 | Elf:3    | Identified the +0 shortbow of Qaliph {drain, Int+2 Stlth+}
 40164 | Elf:3    | Identified the +9 sling of Uskayaw's Fury {speed, rF- Str+5
                  | SInv}
 40172 | Elf:3    | Identified the amulet of Faolaoro {Regen+ Slay+2}
 40543 | Vaults:1 | Entered Level 1 of the Vaults
 41093 | Vaults:1 | Reached skill level 20 in Invocations
 41677 | Vaults:2 | Noticed Xtahua
 41688 | Vaults:2 | Killed Xtahua
 41910 | Vaults:2 | Reached skill level 18 in Evocations
 42071 | Vaults:2 | Reached skill level 15 in Spellcasting
 42087 | Vaults:2 | Reached XP level 22. HP: 174/174 MP: 41/41
 42100 | Vaults:2 | Reached skill level 13 in Necromancy
 42114 | Vaults:2 | Reached skill level 15 in Fighting
 42114 | Vaults:2 | Reached skill level 15 in Shields
 42219 | Vaults:2 | Found a staircase to the Crypt.
 43059 | Vaults:3 | Noticed Zenata
 43077 | Vaults:3 | Killed Zenata
 43582 | Vaults:3 | Reached skill level 15 in Short Blades
 43582 | Vaults:3 | Reached skill level 15 in Long Blades
 43582 | Vaults:3 | Reached skill level 15 in Axes
 43582 | Vaults:3 | Reached skill level 15 in Maces & Flails
 43582 | Vaults:3 | Reached skill level 15 in Polearms
 43582 | Vaults:3 | Reached skill level 15 in Staves
 43582 | Vaults:3 | Reached skill level 15 in Ranged Weapons
 43582 | Vaults:3 | Reached skill level 15 in Throwing
 43582 | Vaults:3 | Reached skill level 15 in Armour
 43582 | Vaults:3 | Reached skill level 15 in Dodging
 43582 | Vaults:3 | Reached skill level 15 in Stealth
 43582 | Vaults:3 | Reached skill level 15 in Unarmed Combat
 44164 | Vaults:4 | Reached skill level 21 in Invocations
 44331 | Vaults:4 | Reached skill level 14 in Ice Magic
 44331 | Vaults:4 | Reached skill level 14 in Earth Magic
 44393 | Vaults:4 | Reached skill level 13 in Conjurations
 44393 | Vaults:4 | Reached skill level 13 in Hexes
 44393 | Vaults:4 | Reached skill level 13 in Summonings
 44393 | Vaults:4 | Reached skill level 13 in Translocations
 44393 | Vaults:4 | Reached skill level 13 in Transmutations
 44393 | Vaults:4 | Reached skill level 13 in Fire Magic
 44393 | Vaults:4 | Reached skill level 13 in Air Magic
 44393 | Vaults:4 | Reached skill level 13 in Poison Magic
 44393 | Vaults:4 | Reached skill level 13 in Shapeshifting
 44438 | Vaults:4 | Found a crumbling gateway.
 44454 | Desolati | Entered the Desolation of Salt
 44514 | Desolati | Reached skill level 19 in Evocations
 44517 | Desolati | Identified the ring "Carchucye" {rCorr Int+6 Dex+2}
 44528 | Desolati | Reached skill level 14 in Necromancy
 44598 | Desolati | Identified the +2 glaive of the Bursted God {antimagic,
                  | rCorr Dex+5}
 44804 | Desolati | Reached XP level 23. HP: 182/182 MP: 42/42
 44863 | Desolati | Identified the +2 chain mail of the Morning Star {Str+5}
 45070 | Desolati | Found the +1 robe of Vines {NoPotionHeal Regen++++}
 45168 | Desolati | Got the Compilation of Electric Misfortune
 45179 | Desolati | Identified the +1 chain mail "Toinnysm" {Will+ SInv}
 45180 | Desolati | Identified the +1 ring mail of Untold Secrets {rElec rF-
                  | rC++}
 45375 | Vaults:4 | Found Lehi's Weapon Emporium.
 46024 | Vaults:4 | Got the Octavo of Shadows
 46041 | Vaults:4 | Upgraded the game from 0.31-a0-446-g07c4bd200f to
                  | 0.31-a0-459-gc8a9bf3d51
 46048 | Vaults:5 | Entered Level 5 of the Vaults
 46071 | Vaults:5 | Noticed an ancient lich
 46117 | Vaults:5 | Reached skill level 16 in Spellcasting
 46122 | Vaults:5 | Reached skill level 16 in Fighting
 46122 | Vaults:5 | Reached skill level 16 in Shields
 46125 | Vaults:5 | Killed an ancient lich
 46126 | Vaults:5 | Reached skill level 22 in Invocations
 46153 | Vaults:5 | Noticed a golden dragon
 46196 | Vaults:4 | Killed a golden dragon
 46228 | Vaults:4 | Reached skill level 16 in Short Blades
 46228 | Vaults:4 | Reached skill level 16 in Long Blades
 46228 | Vaults:4 | Reached skill level 16 in Axes
 46228 | Vaults:4 | Reached skill level 16 in Maces & Flails
 46228 | Vaults:4 | Reached skill level 16 in Polearms
 46228 | Vaults:4 | Reached skill level 16 in Staves
 46228 | Vaults:4 | Reached skill level 16 in Ranged Weapons
 46228 | Vaults:4 | Reached skill level 16 in Throwing
 46228 | Vaults:4 | Reached skill level 16 in Armour
 46228 | Vaults:4 | Reached skill level 16 in Dodging
 46228 | Vaults:4 | Reached skill level 16 in Stealth
 46228 | Vaults:4 | Reached skill level 16 in Unarmed Combat
 46241 | Vaults:5 | Noticed a golden dragon
 46243 | Vaults:5 | Reached skill level 20 in Evocations
 46244 | Vaults:5 | Reached skill level 15 in Necromancy
 46247 | Vaults:5 | Killed a golden dragon
 46278 | Vaults:5 | Reached XP level 24. HP: 106/191 MP: 33/43
 46299 | Vaults:5 | Identified the +3 arbalest of the Other Side {flame, Will+
                  | rCorr SInv}
 46397 | Vaults:5 | Identified the +6 hand axe of the Mosquito {venom, rElec
                  | rC- Will+ MP+9 Int+2}
 46551 | Vaults:5 | Identified the staff of the Four Prophets {rPois Int+3
                  | Poison}
 46839 | Vaults:5 | Identified the +4 great sword "Dragonslayer" {venom, Str+3}
 46872 | Vaults:5 | Identified the +4 falchion of Contradiction {protect, rF+
                  | Str+4}
 47078 | Vaults:5 | Got the Tome of Morality
 47113 | Vaults:5 | Identified the +9 flail of Ancient Evil {antimagic, Fragile
                  | rF+ Stlth+}
 47282 | Vaults:5 | Identified the +4 sling "Tenkyih" {flame, rC+ Int+3}
 47323 | Vaults:5 | Reached skill level 14 in Shapeshifting
 47442 | Vaults:5 | Got a silver rune of Zot
 47464 | Vaults:5 | Got the Guide on Hurtful Accelerants
 47930 | D:11     | Bought a manual of Evocations for 1280 gold pieces
 48000 | Lair:1   | Killed ouz's ghost
 48164 | Spider:3 | Killed Oretred's ghost
 48175 | Spider:3 | Identified the amulet of Tender Moments {Spirit Harm Regen+
                  | MP+9 Str-2}
 48384 | Slime:1  | Entered Level 1 of the Pits of Slime
 48493 | Slime:1  | Reached skill level 14 in Conjurations
 48493 | Slime:1  | Reached skill level 14 in Hexes
 48493 | Slime:1  | Reached skill level 14 in Summonings
 48493 | Slime:1  | Reached skill level 14 in Translocations
 48493 | Slime:1  | Reached skill level 14 in Transmutations
 48493 | Slime:1  | Reached skill level 14 in Fire Magic
 48493 | Slime:1  | Reached skill level 14 in Air Magic
 48493 | Slime:1  | Reached skill level 14 in Poison Magic
 49173 | Slime:3  | Gained mutation: You are clumsy. (Dex -2) [a shining eye]
 49174 | Slime:3  | Gained mutation: Your magical capacity is low. (-10% MP) [a
                  | shining eye]
 49176 | Slime:3  | Reached skill level 23 in Invocations
 49177 | Slime:3  | Paralysed by a formless jellyfish for 1 turns
 49186 | Slime:3  | Reached skill level 15 in Ice Magic
 49186 | Slime:3  | Reached skill level 15 in Earth Magic
 49401 | Slime:3  | Gained mutation: Your magical capacity is very low. (-20%
                  | MP) [a shining eye]
 49403 | Slime:3  | Gained mutation: You are very clumsy. (Dex -4) [a shining
                  | eye]
 49405 | Slime:3  | Gained mutation: You occasionally lose the ability to drink
                  | potions when taking damage. [a shining eye]
 50314 | Slime:5  | Entered Level 5 of the Pits of Slime
 50323 | Slime:5  | Noticed the Royal Jelly
 50361 | Slime:5  | Reached skill level 17 in Axes
 50364 | Slime:5  | Killed the Royal Jelly
 50365 | Slime:5  | Reached skill level 16 in Necromancy
 50365 | Slime:5  | Reached skill level 21 in Evocations
 50374 | Slime:5  | Gained mutation: You are vulnerable to heat. (rF-) [a
                  | shining eye]
 50507 | Slime:5  | Gained mutation: You are vulnerable to cold. (rC-) [a
                  | shining eye]
 50512 | Slime:5  | Gained mutation: You are frail. (-10% HP) [a shining eye]
 50525 | Slime:5  | Lost mutation: You are dopey. (Int -2) [a shining eye]
 50526 | Slime:5  | HP: 12/173 [rockslime[the Royal Jelly] (10)]
 50535 | Slime:4  | HP: 11/173 [rockslime[the Royal Jelly] (13)]
 50688 | Slime:5  | Gained mutation: Your spells are a little easier to cast,
                  | but a little less powerful. [a shining eye]
 50693 | Slime:5  | Gained mutation: You are dopey. (Int -2) [a shining eye]
 50695 | Slime:5  | Gained mutation: Your spells are easier to cast, but less
                  | powerful. [a shining eye]
 50774 | Slime:5  | Identified the +0 mace of Destiny {heavy, rElec MP+9 Str+3}
 50777 | Slime:5  | Got a slimy rune of Zot
 50813 | Slime:5  | Identified the +1 robe of Hedging {rElec rF+ rN+}
 50823 | Slime:5  | Identified the +5 dagger of Deuril {holy, Int+2}
 50872 | Slime:5  | Reached XP level 25. HP: 180/180 MP: 35/35
 50878 | Slime:5  | Identified the +0 leather armour of Dishonesty {rF+ rC-
                  | Str+2}
 50917 | Slime:5  | Identified the ring "Daesobun" {rPois rF+ Will+}
 50930 | Slime:5  | Reached skill level 17 in Spellcasting
 50958 | Slime:5  | Identified the staff "Jellybane" {Str+3 Earth}
 50959 | Slime:5  | Identified the +0 ring mail "Guotuh" {Rampage rElec}
 50989 | Slime:5  | Gained mutation: You are somewhat resistant to further
                  | mutation. [a shining eye]
 51634 | Orc:2    | Bought a scroll of fear for 48 gold pieces
 51634 | Orc:2    | Bought a potion of might for 48 gold pieces
 51636 | Orc:2    | Bought a scroll of blinking for 112 gold pieces
 51765 | D:15     | Bought an ivory great sword for 391 gold pieces
 51765 | D:15     | Identified the +10 great sword "Loigekhu" {heavy, +Blink
                  | rElec rF+ rC+} (You bought it in a shop on level 15 of the
                  | Dungeon)
 51831 | Depths:1 | Entered Level 1 of the Depths
 51857 | Depths:1 | Reached skill level 17 in Fighting
 51857 | Depths:1 | Reached skill level 17 in Shields
 52044 | Depths:1 | Found an opulent altar of Gozag.
 52137 | Depths:1 | Paralysed by a floating eye for 2 turns
 52256 | Depths:1 | Noticed a juggernaut
 52294 | Depths:1 | Killed a juggernaut
 52478 | Depths:1 | Reached skill level 15 in Shapeshifting
 52637 | Depths:1 | Found Ozump's Book Boutique.
 52638 | Depths:1 | Found Xasap's Jewellery Emporium.
 52638 | Depths:1 | Found Boilanih's Jewellery Emporium.
 52656 | Depths:1 | Bought a manual of Polearms for 1120 gold pieces
 52815 | Depths:1 | Found a gateway to Hell.
 52852 | Depths:2 | Reached skill level 17 in Polearms
 52868 | Depths:2 | Reached skill level 17 in Short Blades
 52868 | Depths:2 | Reached skill level 17 in Long Blades
 52868 | Depths:2 | Reached skill level 17 in Maces & Flails
 52868 | Depths:2 | Reached skill level 17 in Staves
 52868 | Depths:2 | Reached skill level 17 in Ranged Weapons
 52868 | Depths:2 | Reached skill level 17 in Throwing
 52868 | Depths:2 | Reached skill level 17 in Armour
 52868 | Depths:2 | Reached skill level 17 in Dodging
 52868 | Depths:2 | Reached skill level 17 in Stealth
 52868 | Depths:2 | Reached skill level 17 in Unarmed Combat
 53110 | Depths:2 | Reached skill level 24 in Invocations
 53115 | Depths:2 | Reached skill level 18 in Axes
 53369 | Depths:1 | Learned a level 4 spell: Animate Armour
 53549 | Depths:2 | Found a glowing silver altar of Zin.
 53612 | Depths:2 | Lost mutation: You sometimes lose your temper in combat.
                  | [potion of mutation]
 53612 | Depths:2 | Lost mutation: You are very clumsy. (Dex -4) [potion of
                  | mutation]
 53612 | Depths:2 | Lost mutation: You are frail. (-10% HP) [potion of
                  | mutation]
 53613 | Depths:2 | Lost mutation: You are clumsy. (Dex -2) [potion of
                  | mutation]
 53613 | Depths:2 | Lost mutation: You are vulnerable to heat. (rF-) [potion of
                  | mutation]
 53613 | Depths:2 | Lost mutation: Your spells are easier to cast, but less
                  | powerful. [potion of mutation]
 53613 | Depths:2 | Gained mutation: Your flesh is heat resistant. (rF+)
                  | [potion of mutation]
 53614 | Depths:2 | Lost mutation: Your spells are a little easier to cast, but
                  | a little less powerful. [potion of mutation]
 53614 | Depths:2 | Lost mutation: Your flesh is heat resistant. (rF+) [potion
                  | of mutation]
 53614 | Depths:2 | Lost mutation: You are weak. (Str -2) [potion of mutation]
 53614 | Depths:2 | Gained mutation: Your magical capacity is extremely low.
                  | (-30% MP) [potion of mutation]
 53614 | Depths:2 | Gained mutation: Potions are less effective at restoring
                  | your health. [potion of mutation]
 53615 | Depths:2 | Lost mutation: Potions are less effective at restoring your
                  | health. [potion of mutation]
 53615 | Depths:2 | Lost mutation: Your magical capacity is extremely low.
                  | (-30% MP) [potion of mutation]
 53616 | Depths:2 | Lost mutation: Your magical capacity is very low. (-20% MP)
                  | [potion of mutation]
 53616 | Depths:2 | Lost mutation: Your magical capacity is low. (-10% MP)
                  | [potion of mutation]
 53616 | Depths:2 | Lost mutation: You occasionally lose the ability to drink
                  | potions when taking damage. [potion of mutation]
 53817 | Depths:2 | Found Uvo Peiw's Antique Armour Boutique.
 54383 | Depths:2 | You are sucked into a shaft and drop 1 floor!
 54414 | Depths:3 | Reached skill level 17 in Necromancy
 54432 | Depths:3 | Reached skill level 22 in Evocations
 54433 | Depths:3 | Noticed Saint Roka
 54455 | Depths:3 | Killed Saint Roka
 54615 | Depths:3 | Found a one-way gate to the infinite horrors of the Abyss.
 54670 | Depths:3 | Reached XP level 26. HP: 209/209 MP: 44/44
 54728 | Depths:3 | HP: 14/209 [vampire knight/+1 long sword (22)]
 54729 | Depths:3 | HP: 1/209 [vampire knight/vampiric draining (14)]
 54732 | Depths:3 | Reached skill level 18 in Polearms
 55188 | Depths:3 | Identified the +0 leather armour of the Gravedigger {rC+}
 55459 | Depths:4 | Entered Level 4 of the Depths
 55459 | Depths:4 | Noticed Grunn
 55486 | Depths:3 | Killed Grunn
 55646 | Depths:4 | Noticed Sojobo
 55657 | Depths:4 | Killed Sojobo
 55726 | Depths:4 | Reached skill level 16 in Shapeshifting
 55826 | Depths:4 | Reached skill level 15 in Conjurations
 55826 | Depths:4 | Reached skill level 15 in Hexes
 55826 | Depths:4 | Reached skill level 15 in Summonings
 55826 | Depths:4 | Reached skill level 15 in Translocations
 55826 | Depths:4 | Reached skill level 15 in Transmutations
 55826 | Depths:4 | Reached skill level 15 in Fire Magic
 55826 | Depths:4 | Reached skill level 15 in Air Magic
 55826 | Depths:4 | Reached skill level 15 in Poison Magic
 56157 | Depths:4 | Noticed the Enchantress
 56158 | Depths:4 | Noticed Parghit
 56160 | Depths:4 | Killed Parghit
 56160 | Depths:4 | Killed the Enchantress
 56163 | Depths:4 | Reached skill level 19 in Axes
 56260 | Depths:4 | Identified the +8 quarterstaff of Iroow {flame, rN+}
 56280 | Depths:4 | Found a one-way gateway to a ziggurat.
 56340 | Depths:4 | Reached skill level 18 in Spellcasting
 56340 | Depths:4 | Reached skill level 16 in Ice Magic
 56340 | Depths:4 | Reached skill level 16 in Earth Magic
 56343 | Depths:4 | Found a gate to the Realm of Zot.
 56369 | Depths:4 | Reached skill level 18 in Fighting
 56369 | Depths:4 | Reached skill level 18 in Shields
 56525 | Depths:4 | You are cast into the Abyss!
 56525 | Abyss:2  | Cast into level 2 of the Abyss (hell knight)
 56680 | Abyss:2  | Reached skill level 25 in Invocations
 56888 | Depths:4 | You pass through the gate.
 56888 | Depths:4 | Escaped the Abyss
 56963 | Depths:4 | Upgraded the game from 0.31-a0-459-gc8a9bf3d51 to
                  | 0.31-a0-472-g43a2ca8e1b
 57334 | Depths:4 | Acquired the amulet "Ciolish" {Faith Harm rC+ Slay+5}
 57397 | Zot:1    | Entered Level 1 of the Realm of Zot
 57419 | Zot:1    | Identified the staff of Valiance {rC+ Stlth+ Ice}
 57419 | Zot:1    | Identified the ring "Naanwikhla" {Ice rN+ Int+5}
 57419 | Zot:1    | Noticed Josephina
 57420 | Zot:1    | Killed Josephina
 57431 | Zot:1    | Noticed an orb of fire
 57434 | Zot:1    | Reached skill level 18 in Short Blades
 57434 | Zot:1    | Reached skill level 18 in Long Blades
 57434 | Zot:1    | Reached skill level 18 in Maces & Flails
 57434 | Zot:1    | Reached skill level 18 in Staves
 57434 | Zot:1    | Reached skill level 18 in Ranged Weapons
 57434 | Zot:1    | Reached skill level 18 in Throwing
 57434 | Zot:1    | Reached skill level 18 in Armour
 57434 | Zot:1    | Reached skill level 18 in Dodging
 57434 | Zot:1    | Reached skill level 18 in Stealth
 57434 | Zot:1    | Reached skill level 18 in Unarmed Combat
 57437 | Zot:1    | Gained mutation: Your system is resistant to poisons.
                  | (rPois) [an orb of fire]
 57461 | Zot:1    | HP: 16/207 [orb of fire/fireball (12)]
 57467 | Zot:1    | HP: 19/207 [black draconian/bolt of lightning (10)]
 57470 | Zot:1    | Killed from afar by a quicksilver dragon

Vanquished Creatures
  the Royal Jelly (Slime:5)
  An ancient lich (Vaults:5)
  A juggernaut (Depths:1)
  Sojobo (Depths:4)
  Josephina (Zot:1)
  Parghit (Depths:4)
  Saint Roka (Depths:3)
  Xtahua (Vaults:2)
  2 bone dragons (Depths:4)
  the Enchantress (Depths:4)
  5 golden dragons
  2 doom hounds (Depths:3)
  Zenata (Vaults:3)
  Rupert (Lair:5)
  3 liches
  2 tentacled monstrosities
  Asterion (Elf:1)
  3 deep elf blademasters
  Grunn (Depths:3)
  A walking earthen tome (Depths:2)
  6 titans
  A walking frostbound tome (Depths:2)
  The ghost of Oretred the Warrior, an adept MiFi of Okawaru (Spider:3)
  15 acid blobs
  Gastronok (D:9)
  2 quicksilver dragons
  4 deep elf master archers (Elf:3)
  6 sphinxes
  2 krakens
  Frances (Shoals:1)
  A death cob (Zot:1)
  5 shadow dragons
  13 tengu reavers
  Aizul (Elf:1)
  4 storm dragons
  A revenant (Vaults:2)
  13 rockslimes
  10 fire giants
  5 azure jellies
  2 iron dragons
  5 frost giants
  22 vault wardens
  3 deep elf sorcerers
  An imperial myrmidon (Desolation)
  4 deep elf elementalists
  A draconian scorcher (Depths:4)
  4 ghost moths
  3 emperor scorpions
  2 broodmothers
  A draconian annihilator (Depths:4)
  9 quicksilver oozes
  The ghost of Ifoem the Nimble, a journeyman OpAr of Cheibriados (Shoals:3)
  25 very ugly things
  20 ironbound preservers
  3 formless jellyfish
  4 spriggan defenders (Depths:4)
  5 war gargoyles
  2 draconian shifters
  23 stone giants
  8 ironbound thunderhulks
  A black draconian (Depths:4)
  5 vampire knights
  2 green draconians (Zot:1)
  A minotaur (Gauntlet)
  2 deep elf demonologists
  2 red draconians
  A purple draconian (Depths:4)
  A yellow draconian (Depths:4)
  Azrael (Elf:2)
  11 deep elf annihilators
  14 dire elephants
  2 halazid warlocks (Desolation)
  7 spark wasps
  A green death (Depths:4)
  7 deep elf death magi (Elf:3)
  14 ettins
  A merfolk javelineer (Shoals:4)
  10 fire dragons
  15 merfolk impalers
  14 yaktaur captains
  5 crystal guardians
  The ghost of ouz the Grappler, a journeyman MiSh of Uskayaw (Lair:1)
  6 rakshasas
  A spriggan zombie (Depths:1)
  7 servants of whispers (Desolation)
  9 ragged hierophants (Desolation)
  14 peacekeepers
  7 entropy weavers
  2 deep elf high priests
  30 vault guards
  A quicksilver dragon skeleton (Abyss:2)
  8 ice dragons
  2 jorogumos
  3 ogre magi
  9 great orbs of eyes
  An anaconda (shapeshifter) (Depths:2)
  8 hydras
  7 spriggan air magi
  3 demonspawn (Orc:2)
  A hell beast (Depths:4)
  3 two-headed ogres
  5 ironbound frosthearts
  3 merfolk avatars
  5 radroaches
  An alligator snapping turtle (Shoals:1)
  8 boulder beetles
  A death knight (D:13)
  4 satyrs
  11 centaur warriors
  29 dancing weapons
  A vampire mage (Depths:1)
  A hell hog (Depths:4)
  7 merfolk aquamancers
  6 tengu warriors
  10 deep troll earth magi
  6 deep troll shamans
  A thrashing horror (Abyss:2)
  4 demonic crawlers
  6 orc high priests
  6 spriggan berserkers
  A sun demon (Volcano)
  14 hell knights
  7 skysharks
  26 deep elf knights
  12 iron trolls
  8 pharaoh ants
  A shadow wraith (Abyss:2)
  A sixfirhy (Orc:2)
  44 deep trolls
  8 skeletal warriors
  A wretched star (Abyss:2)
  Lodul (D:13)
  2 flayed ghosts
  11 sea snakes
  3 sun moths
  5 glowing orange brains
  An orange crystal statue (Shoals:3)
  8 orb spiders
  12 deep elf archers
  3 wizards
  7 steelbarb worms
  Pikel (D:7)
  16 ironbound convokers
  6 bog bodies (Shoals:2)
  6 phantasmal warriors
  2 lindwurms (Vaults:1)
  21 harpies
  7 orc knights
  6 wolf spider zombies (Spider:2)
  25 deep elf pyromancers
  22 deep elf zephyrmancers
  9 shining eyes
  20 manticores
  6 necromancers
  3 cyclopes
  9 orc sorcerers
  2 oklob plants (Lair:5)
  34 ugly things
  A shining eye (shapeshifter) (Elf:1)
  14 wolf spiders
  5 elephants
  8 merfolk sirens
  A moth of wrath (shapeshifter) (Vaults:5)
  6 moths of wrath
  A worldbinder (Abyss:2)
  A salamander (shapeshifter) (Vaults:5)
  13 fauns
  16 vault sentinels
  6 eyes of devastation
  3 guardian serpents (Desolation)
  3 black mambas
  A smoke demon (Abyss:2)
  2 cane toads (shapeshifter)
  3 gargoyles
  3 torpor snails
  15 cane toads
  2 molten gargoyles (Volcano)
  2 ice statues (IceCv)
  10 water nymphs
  3 orange demons
  Psyche (D:9)
  3 unseen horrors
  8 rime drakes
  12 komodo dragons
  A komodo dragon (shapeshifter) (Vaults:5)
  37 yaktaurs
  6 redback zombies (Spider:2)
  2 ice devils (D:12)
  3 freezing wraiths
  3 ancient zymes (Abyss:2)
  An efreet (D:15)
  23 merfolk
  5 tengu conjurers
  4 meliai
  2 red devils
  4 trolls
  4 polar bears
  A golden dragon simulacrum (Zot:1)
  2 hellwings (Depths:4)
  A meliai (shapeshifter) (Vaults:5)
  13 wind drakes
  10 hornets
  4 tarantella zombies (Spider:2)
  45 saltlings (Desolation)
  26 tarantellas
  Prince Ribbit (D:8)
  21 blink frogs
  Grinder (D:4)
  8 culicivora zombies (Spider:2)
  7 snapping turtles
  8 dream sheep
  A fire giant simulacrum (Depths:1)
  A draconian simulacrum (Zot:1)
  5 raiju (Abyss:2)
  20 jumping spiders
  111 slime creatures
  A centaur simulacrum (D:15)
  29 culicivoras
  5 spriggans
  30 yaks
  2 shadows
  5 large abominations
  A vampire (D:12)
  4 wraiths
  An air elemental (Elf:3)
  A yak (shapeshifter) (D:14)
  2 fire bats (Volcano)
  19 water elementals
  5 wyverns
  4 fire elementals (Elf:2)
  A basilisk (D:12)
  A ynoxinul (Abyss:2)
  7 small abominations
  4 steam dragons
  51 redbacks
  4 golden eyes
  A redback (shapeshifter) (Depths:2)
  5 vampire mosquitoes
  2 chaos spawn
  Menkaure (D:4)
  6 wargs
  4 hell hounds
  A tengu zombie (Depths:1)
  11 water moccasins
  2 moth of wrath simulacra (Zot:1)
  2 floating eyes
  A human skeleton (Depths:1)
  4 black bears
  2 sky beasts
  37 orc warriors
  14 ogres
  3 boggarts (Vaults:2)
  31 wolves
  2 centaurs
  Blork the orc (D:4)
  A phantom (D:5)
  4 kobold brigands
  11 bullfrogs
  3 scorpions
  2 cane toad simulacra (IceCv)
  4 earth elementals
  9 killer bees (D:9)
  3 howler monkeys
  9 lava snakes
  32 orc priests
  Crazy Yiuf (D:2)
  A hound (D:7)
  5 jellies
  7 starcursed masses (Abyss:2)
  16 iguanas
  An iron imp (Abyss:2)
  5 sleepcaps
  10 orc wizards
  Ijyb (D:4)
  A polar bear simulacrum (IceCv)
  Robin (D:4)
  5 gnolls
  10 adders
  A white imp (D:8)
  2 worms (D:2)
  2 dart slugs
  103 orcs
  6 ball pythons
  4 bats
  6 endoplasms
  8 giant cockroaches
  16 hobgoblins
  9 kobolds
  4 quokkas
  19 frilled lizards
  16 goblins
  11 rats
  A butterfly (Lair:3)
  3 tentacles
2181 creatures vanquished.

Vanquished Creatures (collateral kills)
  A tentacled monstrosity (Depths:1)
  A fire giant (Depths:1)
  3 frost giants
  An ettin (Depths:1)
  A rakshasa (Depths:2)
  A servant of whispers (Desolation)
  A peacekeeper (Desolation)
  A deep troll shaman (Depths:1)
  2 saltlings (Desolation)
12 creatures vanquished.

Vanquished Creatures (others)
  A tengu reaver (Vaults:5)
  A fire giant (Depths:4)
  A very ugly thing (Depths:3)
  A merfolk aquamancer (Shoals:1)
  A two-headed ogre (D:15)
  A deep elf knight (Vaults:5)
  2 deep elf pyromancers (Elf:2)
  A deep elf zephyrmancer (Elf:2)
  A redback (Spider:1)
  An orc wizard (Orc:1)
  12 tentacles
23 creatures vanquished.

Grand Total: 2216 creatures vanquished

Table legend: (Time is in decaauts)
 A = Elapsed time spent in this place.
 B = Non-inter-level travel time spent in this place.
 C = Inter-level travel time spent in this place.
 D = Time resting spent in this place.
 E = Time spent auto-exploring this place.
 F = Levels seen in this place.
 G = Mean time per level.
                   A        B        C        D        E       F      G
               +--------+--------+--------+--------+--------+-----+--------+
         Total |  56302 |  51196 |   5106 |   1945 |  35371 |  55 | 1023.7 |
       Dungeon |  17718 |  15486 |   2232 |    424 |  11910 |  15 | 1181.2 |
        Temple |    109 |      2 |    107 |      0 |      0 |   1 |  109.0 |
          Lair |   6749 |   5953 |    796 |    209 |   4317 |   5 | 1349.8 |
        Shoals |   4044 |   3853 |    191 |     44 |   2821 |   4 | 1011.0 |
   Spider Nest |   4792 |   4322 |    470 |    485 |   2477 |   4 | 1198.0 |
    Slime Pits |   2966 |   2841 |    125 |    240 |   2049 |   5 |  593.2 |
  Orcish Mines |   2635 |   2274 |    361 |    111 |   1570 |   2 | 1317.5 |
   Elven Halls |   3114 |   2967 |    147 |     17 |   2142 |   3 | 1038.0 |
        Vaults |   6216 |   5759 |    457 |     13 |   4015 |   5 | 1243.2 |
        Depths |   4942 |   4726 |    216 |    399 |   2855 |   4 | 1235.5 |
           Zot |     53 |     53 |      0 |      0 |      0 |   1 |   53.0 |
         Abyss |    311 |    311 |      0 |      0 |    162 |   1 |  311.0 |
         Trove |    145 |    145 |      0 |      0 |     71 |   1 |  145.0 |
      Ice Cave |    172 |    172 |      0 |      0 |      2 |   1 |  172.0 |
       Volcano |    692 |    692 |      0 |      2 |    148 |   1 |  692.0 |
    Desolation |    801 |    801 |      0 |      0 |    337 |   1 |  801.0 |
      Gauntlet |    836 |    836 |      0 |      0 |    491 |   1 |  836.0 |
               +--------+--------+--------+--------+--------+-----+--------+

Top non-repeatable levels by time:
   Orc:2: 1959 daAuts
     D:9: 1744 daAuts
     D:4: 1562 daAuts
  Lair:5: 1562 daAuts
  Lair:1: 1507 daAuts
Vaults:5: 1492 daAuts
Spider:2: 1474 daAuts
     D:2: 1467 daAuts
  Lair:2: 1464 daAuts
Vaults:4: 1438 daAuts
Depths:1: 1431 daAuts
Spider:4: 1382 daAuts
    D:10: 1372 daAuts
Depths:4: 1324 daAuts
   Elf:2: 1299 daAuts

Table legend:
 A = Non-vault XP
 B = Vault XP
 C = Vault XP percentage of total XP
 D = Non-vault monster count
 E = Vault monster count
 F = Vault count percentage of total count
                 A         B        C        D         E       F
            +---------+---------+-------+---------+---------+-------
      Total |  588553 |  569768 |  49.2 |    1304 |     878 |  40.2
            +---------+---------+-------+---------+---------+-------
        D:1 |      36 |       0 |   0.0 |      19 |       0 |   0.0
        D:2 |      85 |      44 |  34.1 |      27 |       2 |   6.9
        D:3 |     111 |      17 |  13.3 |      36 |       9 |  20.0
        D:4 |     435 |     965 |  68.9 |      14 |      17 |  54.8
        D:5 |     584 |      35 |   5.7 |      14 |       1 |   6.7
        D:6 |     652 |       0 |   0.0 |      12 |       0 |   0.0
        D:7 |     696 |     788 |  53.1 |      22 |       3 |  12.0
        D:8 |     288 |     274 |  48.8 |       5 |       1 |  16.7
        D:9 |    1597 |    1972 |  55.3 |      18 |       2 |  10.0
       D:10 |    4275 |       0 |   0.0 |      21 |       0 |   0.0
       D:11 |    2030 |       0 |   0.0 |       8 |       0 |   0.0
       D:12 |    6312 |     972 |  13.3 |      13 |      24 |  64.9
       D:13 |   12869 |    3489 |  21.3 |      20 |      10 |  33.3
       D:14 |    8868 |       0 |   0.0 |      19 |       0 |   0.0
       D:15 |   12390 |    2843 |  18.7 |      25 |       3 |  10.7
     Lair:1 |    5393 |    4587 |  46.0 |      24 |      36 |  60.0
     Lair:2 |    6352 |    1755 |  21.6 |      19 |       5 |  20.8
     Lair:3 |    8601 |       0 |   0.0 |      35 |       0 |   0.0
     Lair:4 |    6239 |     783 |  11.2 |      19 |       7 |  26.9
     Lair:5 |    5588 |   10717 |  65.7 |      25 |      22 |  46.8
   Shoals:1 |   13975 |    4052 |  22.5 |      29 |      10 |  25.6
   Shoals:2 |    9879 |    4002 |  28.8 |      18 |       6 |  25.0
   Shoals:3 |   19119 |    6373 |  25.0 |      37 |      11 |  22.9
   Shoals:4 |   21301 |   23731 |  52.7 |      41 |      35 |  46.1
   Spider:1 |   12405 |    2788 |  18.4 |      35 |       7 |  16.7
   Spider:2 |   18050 |    9430 |  34.3 |      43 |      25 |  36.8
   Spider:3 |   15169 |    8672 |  36.4 |      37 |      13 |  26.0
   Spider:4 |   13780 |   13050 |  48.6 |      34 |      29 |  46.0
    Slime:1 |   10861 |       0 |   0.0 |      37 |       0 |   0.0
    Slime:2 |    5358 |       0 |   0.0 |       8 |       0 |   0.0
    Slime:3 |   19084 |       0 |   0.0 |      34 |       0 |   0.0
    Slime:4 |   10875 |       0 |   0.0 |      16 |       0 |   0.0
    Slime:5 |   12568 |   18432 |  59.5 |      26 |      13 |  33.3
      Orc:1 |    2077 |     954 |  31.5 |      33 |      12 |  26.7
      Orc:2 |    1810 |   16399 |  90.1 |      23 |      61 |  72.6
      Elf:1 |   14831 |   14918 |  50.1 |      21 |      21 |  50.0
      Elf:2 |   18824 |   30038 |  61.5 |      31 |      44 |  58.7
      Elf:3 |   10258 |   29686 |  74.3 |      16 |      26 |  61.9
   Vaults:1 |   22871 |   26577 |  53.7 |      37 |      31 |  45.6
   Vaults:2 |   25631 |    6403 |  20.0 |      37 |       6 |  14.0
   Vaults:3 |   17542 |   17519 |  50.0 |      29 |      22 |  43.1
   Vaults:4 |   30970 |   31648 |  50.5 |      45 |      36 |  44.4
   Vaults:5 |   34638 |  103408 |  74.9 |      46 |      96 |  67.6
   Depths:1 |   41516 |   15462 |  27.1 |      53 |      14 |  20.9
   Depths:2 |   30624 |   31405 |  50.6 |      42 |      32 |  43.2
   Depths:3 |   18187 |   20508 |  53.0 |      22 |      22 |  50.0
   Depths:4 |   29832 |   48859 |  62.1 |      35 |      40 |  53.3
      Zot:1 |   10484 |    4158 |  28.4 |       9 |       5 |  35.7
    Abyss:2 |   12165 |       0 |   0.0 |      33 |       0 |   0.0
      IceCv |       0 |    1896 | 100.0 |       0 |       7 | 100.0
    Volcano |       0 |    4714 | 100.0 |       0 |      18 | 100.0
 Desolation |       0 |   41724 | 100.0 |       0 |      81 | 100.0
   Gauntlet |     468 |    3721 |  88.8 |       2 |      13 |  86.7
            +---------+---------+-------+---------+---------+-------
